 Dungeon Crawl Stone Soup version 0.31-a0-188-g5e087ee2ca (webtiles) character file.

Game seed: 5616341379698994740

13283377 initializr the Intangible (level 27, 261/261 HPs)
             Began as an Octopode Brigand on June 22, 2023.
             Was the Champion of the Shining One.
             Escaped with the Orb
             ... and 15 runes on June 23, 2023!
             The game lasted 05:24:10 (120790 turns).

initializr the Intangible (Octopode Brigand)      Turns: 120790, Time: 05:24:11

Health: 261/261    AC: 32    Str:  4    XL:     27
Magic:  52/52      EV: 80    Int: 27    God:    the Shining One [******]
Gold:   9409       SH: 45    Dex: 59    Spells: 34/58 levels left

rFire   + + .        N - +9 double sword (heavy) {rare}
rCold   + . .        R - +2 tower shield of Contentment {Regen+}
rNeg    + + +        e - +0 hat of Dawn {Will+ Int+2 SInv}
rPois   ∞            i - amulet of Xoxismuu {Reflect rPois rF++ Str-2 SH+5}
rElec   +            W - ring of Perfectionism {Fly Will++ Dex+6 SInv}
rCorr   .            Z - ring "Jihimu" {rC++ Will+ MP+9 Str-5 Dex+2}
SInv    +            D - +6 ring of dexterity
Will    +++++        p - +6 ring of dexterity
Stlth   ++           I - ring of Fun {EV+5 Str+2}
HPRegen 1.43/turn    y - +6 ring of dexterity
MPRegen 0.33/turn    d - +6 ring of dexterity
                     M - +6 ring of dexterity

%: reflection
@: statue-form, flying, glowing, studying 5 skills, very slow
A: slow and powerful, torment resistance 1, boosted hp, almost no armour,
amphibious, 8 rings, camouflage 1, (gelatinous body 1), (nimble swimmer 1),
tentacles, clever 2, frail 1, inhibited regeneration, cold vulnerability 1
0: Orb of Zot
}: 15/15 runes: decaying, serpentine, slimy, silver, golden, iron, obsidian,
icy, bone, abyssal, demonic, glowing, magical, fiery, dark
a: End Transformation, Renounce Religion, Divine Shield, Cleansing Flame, Summon
Divine Warrior


You escaped.
You worshipped the Shining One.
The Shining One was exalted by your worship.
You were a living statue of rough stone.
You visited 18 branches of the dungeon, and saw 87 of its levels.
You visited Pandemonium 1 time, and saw 17 of its levels.
You visited the Abyss 2 times.
You visited 1 bazaar.
You visited 1 ziggurat, and saw 12 of its levels.
You also visited: Trove and Sewer.

You collected 41130 gold pieces.
You spent 8927 gold pieces at shops.
You paid 22794 gold pieces to Gozag.


Innate Abilities, Weirdness & Mutations

You are a living statue of rough stone.
Your actions are slow, but your melee attacks are powerful.
You are resistant to unholy torment.
Your maximum health is greatly increased.
You are immune to poison.
You cannot wear most types of armour.
You are amphibious.
You can wear up to eight rings at the same time.
Your skin changes colour to match your surroundings (Stealth+).
((Your rubbery body absorbs attacks. (AC +1, EV +1)))
((You are camouflaged when in or above water. (Stealth+)))
You have tentacles for arms and can constrict up to eight enemies at once.
Your mind is very acute. (Int +8, Str/Dex -2)
You are frail. (-10% HP)
You do not regenerate when monsters are visible.
You are vulnerable to cold. (rC-)


   Skills:
 O Level 27 Fighting
 - Level 2.0(18.0) Short Blades
 + Level 26.8 Long Blades
 - Level 8.2 Throwing
 O Level 27 Dodging
 - Level 16.0 Stealth
 O Level 27 Shields
 - Level 16.0 Spellcasting
 O Level 27 Translocations
 - Level 25.3 Transmutations
 - Level 25.3 Earth Magic
 - Level 7.9 Invocations
 - Level 5.0 Evocations


You had 34 spell levels left.
You knew the following spells:

 Your Spells              Type           Power      Damage    Failure   Level
m - Manifold Assault      Tloc           100%       N/A       0%          4
p - Passage of Golubria   Tloc           100%       N/A       0%          4
s - Statue Form           Tmut/Erth      68%        N/A       0%          6
w - Wereblood             Tmut           100%       N/A       0%          2
y - Yara's Violent Unrav  Hex/Tmut       37%        3d15      1%          5
X - Vhi's Electric Charg  Tloc/Air       100%       N/A       1%          3

Your spell library contained the following spells:

 Spells                   Type           Power      Damage    Failure   Level
 Apportation              Tloc           100%       N/A       0%          1
 Beastly Appendage        Tmut           100%       N/A       0%          1
 Sandblast                Erth           100%       2d20      0%          1
 Sting                    Tmut/Pois      100%       1d8       0%          1
 Lesser Beckoning         Tloc           100%       N/A       0%          2
 Passwall                 Tmut/Erth      85%        N/A       0%          2
 Gell's Gravitas          Tloc           100%       N/A       0%          3
 Teleport Other           Tloc           100%       N/A       0%          3
 Petrify                  Tmut/Erth      100%       N/A       0%          4
 Blade Hands              Tmut           51%        N/A       0%          5
 Lee's Rapid Deconstruct  Erth           51%        3d24*     0%          5
 Dispersal                Tloc           53%        N/A       0%          6
 Ignite Poison            Fire/Tmut/Pois 61%        N/A       1%          3
 Portal Projectile        Hex/Tloc       100%       N/A       1%          3
 Spider Form              Tmut/Pois      74%        N/A       1%          3
 Stone Arrow              Conj/Erth      100%       3d13      1%          3
 Volatile Blastmotes      Fire/Tloc      100%       2d18      1%          3
 Ice Form                 Ice/Tmut       74%        N/A       1%          4
 Iskenderun's Mystic Bla  Conj/Tloc      76%        2d15      1%          4
 Leda's Liquefaction      Hex/Erth       37%        N/A       1%          4
 Alistair's Intoxication  Tmut/Pois      49%        N/A       1%          5
 Borgnjor's Vile Clutch   Necr/Erth      37%        N/A       1%          5
 Irradiate                Conj/Tmut      37%        3d24      1%          5
 Eringya's Noxious Bog    Tmut/Pois      37%        N/A       1%          6
 Leda's Unmaking          Conj/Erth      37%        9d6       1%          6
 Dragon Form              Tmut           51%        N/A       1%          7
 Disjunction              Tloc           53%        N/A       1%          8
 Foxfire                  Conj/Fire      84%        2x1d8     2%          1
 Freeze                   Ice            84%        1d9       2%          1
 Magic Dart               Conj           84%        1d7       2%          1
 Necrotise                Necr           84%        1d8       2%          1
 Shock                    Conj/Air       84%        1d8       2%          1
 Slow                     Hex            84%        N/A       2%          1
 Summon Small Mammal      Summ           84%        N/A       2%          1
 Call Imp                 Summ           42%        N/A       3%          2
 Cigotuvi's Dreadful Rot  Necr/Pois/Air  42%        N/A       3%          2
 Ensorcelled Hibernation  Hex/Ice        42%        N/A       3%          2
 Poisonous Vapours        Pois/Air       42%        N/A       3%          2
 Scorch                   Fire           42%        2d6       3%          2
 Searing Ray              Conj           42%        2d6       3%          2
 Static Discharge         Conj/Air       42%        2-4/arc   3%          2
 Sublimation of Blood     Necr           21%        N/A       3%          2
 Call Canine Familiar     Summ           21%        N/A       7%          3
 Confusing Touch          Hex            21%        N/A       7%          3
 Dazzling Flash           Conj/Hex       42%        N/A       7%          3
 Frozen Ramparts          Ice            42%        1d7       7%          3
 Hailstorm                Conj/Ice       21%        3d6       7%          3
 Inner Flame              Hex/Fire       21%        N/A       7%          3
 Mephitic Cloud           Conj/Pois/Air  21%        N/A       7%          3
 Ozocubu's Armour         Ice            21%        N/A       7%          3
 Summon Guardian Golem    Hex/Summ       21%        N/A       7%          3
 Swiftness                Air            21%        N/A       7%          3
 Tukima's Dance           Hex            21%        N/A       7%          3
 Vampiric Draining        Necr           21%        2d7       7%          3
 Storm Form               Tmut/Air       37%        N/A       11%         7
 Airstrike                Air            10%        2d(2-18)  22%         4
 Anguish                  Hex/Necr       10%        N/A       22%         4
 Animate Dead             Necr           21%        N/A       22%         4
 Cause Fear               Hex            10%        N/A       22%         4
 Dispel Undead            Necr           21%        3d11      22%         4
 Flame Wave               Conj/Fire      21%        2d8       22%         4
 Fulminant Prism          Conj/Hex       10%        3d8       22%         4
 Olgreb's Toxic Radiance  Pois           21%        N/A       22%         4
 Sticky Flame             Conj/Fire      21%        2d4       22%         4
 Summon Lightning Spire   Summ/Air       21%        N/A       22%         4
 Agony                    Necr           21%        N/A       54%         5
 Arcjolt                  Conj/Air       10%        1d20      54%         5
 Fireball                 Conj/Fire      10%        3d6       54%         5
 Iskenderun's Battlesphe  Conj           21%        2d7       54%         5
 Metabolic Englaciation   Hex/Ice        10%        N/A       54%         5
 Silence                  Hex/Air        10%        N/A       54%         5
 Lehudib's Crystal Spear  Conj/Erth      37%        10d9      63%         8
 Necromutation            Tmut/Necr      37%        N/A       63%         8
 Conjure Ball Lightning   Conj/Air       10%        3x3d6     98%         6
 Plasma Beam              Fire/Air       10%        2x1d21    98%         6
 Simulacrum               Ice/Necr       10%        N/A       98%         6
 Starburst                Conj/Fire      10%        6d5       98%         6
 Summon Cactus Giant      Summ           10%        N/A       98%         6
 Enfeeble                 Hex            10%        N/A       100%        7
 Haunt                    Necr/Summ      10%        N/A       100%        7
 Orb of Destruction       Conj           10%        9d6       100%        7
 Ozocubu's Refrigeration  Ice            10%        4d9       100%        7
 Spellforged Servitor     Conj/Summ      10%        N/A       100%        7
 Summon Hydra             Summ           10%        N/A       100%        7
 Borgnjor's Revivificati  Necr           10%        N/A       100%        8
 Discord                  Hex            10%        N/A       100%        8
 Ignition                 Fire           10%        3d5       100%        8
 Infestation              Necr           10%        N/A       100%        8
 Maxwell's Capacitive Co  Air            10%        ∞         100%        8
 Death's Door             Necr           10%        N/A       100%        9
 Dragon's Call            Summ           10%        N/A       100%        9
 Polar Vortex             Ice            10%        N/A       100%        9
 Animate Armour           Summ/Erth      Unusable   N/A       N/A         4

Inventory:

Hand Weapons
 l - a +3 long sword of distortion {!w}
   (You took it off a vault sentinel on level 4 of the Vaults)
 B - a +9 eudemon blade of holy wrath {forbidden} (the Shining One gifted it to you on level 2 of the Crypt)
 N - a +9 heavy double sword (weapon) {rare}
   (You acquired it on level 8 of the Dungeon)
Armour
 e - the +0 hat of Dawn (worn) {Will+ Int+2 SInv}
   (You found it in Pandemonium)

   Int:       It affects your intelligence (+2).
   SInv:      It lets you see invisible.
   Will:      It increases your willpower.
 R - the +2 tower shield of Contentment (worn) {Regen+}
   (You bought it in a shop in the Ecumenical Temple)

   Regen:     It increases your rate of health regeneration.
Jewellery
 b - the ring "Zipsis" {rElec rN+ Str+3 Stlth+}
   (You found it on level 7 of Tartarus)

   [ring of positive energy]

   Str:       It affects your strength (+3).
   rElec:     It insulates you from electricity.
   rN:        It protects you from negative energy.
   Stlth:     It makes you more stealthy.
 d - a +6 ring of dexterity (on tentacle)
   (You bought it in a shop on level 11 of the Dungeon)
 i - the amulet of Xoxismuu (around mantle) {Reflect rPois rF++ Str-2 SH+5}
   (You bought it in a shop on level 11 of the Dungeon)

   [amulet of reflection]

   It reflects blocked missile attacks.
   Str:       It affects your strength (-2).
   rF:        It greatly protects you from fire.
   rPois:     It protects you from poison.
   SH:        It affects your SH (+5).
 p - a +6 ring of dexterity (on tentacle)
   (You found it in Pandemonium)
 x - the ring "Zyxkuoxedgh" {rElec rC+ Dex+2}
   (You bought it in a shop in a bazaar)

   [ring of protection from cold]

   Dex:       It affects your dexterity (+2).
   rC:        It protects you from cold.
   rElec:     It insulates you from electricity.
 y - a +6 ring of dexterity (on tentacle)
   (You bought it in a shop in a bazaar)
 A - the ring of Roarezut {rPois rF+ rN+ Will- rCorr}
   (You found it on level 7 of Tartarus)

   [ring of positive energy]

   rF:        It protects you from fire.
   rPois:     It protects you from poison.
   rN:        It protects you from negative energy.
   rCorr:     It protects you from acid and corrosion.
   Will:      It decreases your willpower.
 C - the ring of the Witching Traitor {Contam rElec rF+ Str+4}
   (You found it on level 7 of Tartarus)

   [ring of protection from fire]

   Str:       It affects your strength (+4).
   rF:        It protects you from fire.
   rElec:     It insulates you from electricity.
   Contam:    It causes magical contamination when unequipped.
 D - a +6 ring of dexterity (on tentacle)
   (You bought it in a shop on level 11 of the Dungeon)
 F - the amulet "Cubiev" {Reflect rN+ SH+5}
   (You took it off a frost giant on level 5 of the Vaults)

   [amulet of reflection]

   It reflects blocked missile attacks.
   rN:        It protects you from negative energy.
   SH:        It affects your SH (+5).
 I - the ring of Fun (on tentacle) {EV+5 Str+2}
   (You found it on level 4 of the Depths)

   [ring of evasion]

   EV:        It affects your evasion (+5).
   Str:       It affects your strength (+2).
 L - the ring "Deufaj" {rElec rF+ rCorr MP+9 AC+4}
   (You bought it in a shop in the Ecumenical Temple)

   [ring of protection]

   AC:        It affects your AC (+4).
   rF:        It protects you from fire.
   rElec:     It insulates you from electricity.
   MP:        It affects your magic capacity (+9).
   rCorr:     It protects you from acid and corrosion.
 M - a +6 ring of dexterity (on tentacle)
   (You found it on level 5 of the Pits of Slime)
 S - a +6 ring of dexterity
   (You took it off a deep elf death mage on level 3 of the Elven Halls)
 W - the ring of Perfectionism (left tentacle) {Fly Will++ Dex+6 SInv}
   (You found it on level 2 of the Snake Pit)

   [ring of dexterity]

   Dex:       It affects your dexterity (+6).
   SInv:      It lets you see invisible.
   Fly:       It grants you flight.
   Will:      It greatly increases your willpower.
 Z - the ring "Jihimu" (right tentacle) {rC++ Will+ MP+9 Str-5 Dex+2}
   (You found it on level 5 of the Pits of Slime)

   [ring of magical power]

   Str:       It affects your strength (-5).
   Dex:       It affects your dexterity (+2).
   rC:        It greatly protects you from cold.
   MP:        It affects your magic capacity (+9).
   Will:      It increases your willpower.
Wands
 r - a wand of digging (19)
   (You found it on level 6 of the Dungeon)
Scrolls
 f - 31 scrolls of teleportation {@r4}
 g - 3 scrolls of brand weapon
 n - a scroll of fear
 o - 11 scrolls of enchant armour
 t - 2 scrolls of butterflies
 v - a scroll of revelation
 G - 18 scrolls of fog
 J - 4 scrolls of enchant weapon
 U - 6 scrolls of blinking {!r}
 V - 9 scrolls of silence {!r!r}
Potions
 j - 7 potions of brilliance
 k - 24 potions of curing {@q1}
 m - 6 potions of magic
 q - 2 potions of might
 s - 10 potions of lignification {!q}
 w - 10 potions of ambrosia
 z - 8 potions of attraction {!q}
 H - 5 potions of cancellation
 K - 17 potions of enlightenment
 P - 3 potions of berserk rage {!q}
 Q - 3 potions of haste {@q3}
 X - 6 potions of resistance
 Y - 9 potions of heal wounds {@q2}
Miscellaneous
 a - a box of beasts
   (You found it on level 3 of the Lair of Beasts)
 c - a phantom mirror
   (You found it on level 1 of the Snake Pit)
 h - a tin of tremorstones (2/2)
   (You found it on level 1 of the Lair of Beasts)
 u - a lightning rod (4/4)
   (You found it on level 11 of the Dungeon)
 T - a phial of floods
   (You found it on level 5 of the Vaults)

Dungeon Overview and Level Annotations

Branches:
Dungeon (15/15)            Temple (1/1) D:7            Lair (5/5) D:8
  Swamp (4/4) Lair:2        Snake (4/4) Lair:2        Slime (5/5) Lair:5
    Orc (2/2) D:11            Elf (3/3) Orc:2        Vaults (5/5) D:13
  Crypt (3/3) Vaults:3       Tomb (3/3) Crypt:3      Depths (4/4) D:15
   Hell (visited)             Dis (7/7) Hell            Geh (7/7) Hell
    Coc (7/7) Hell            Tar (7/7) Hell            Zot (5/5) Depths:4
  Sewer (visited)

Altars:
Ashenzari
Cheibriados
Dithmenos
Elyvilon
Fedhas
Gozag
Hepliaklqana
Kikubaaqudgha
Makhleb
Nemelex Xobeh
Okawaru
Qazlal
Ru
Sif Muna
Trog
Uskayaw
Vehumet
Wu Jian
Xom
Yredelemnul
Zin
The Shining One
Jiyva
Lugonu

Shops:
D:3 *   D:7 :   D:8 ?(   D:11 (=   Temple [=?*[*=   Orc:2 [[?[?   Elf:1 *
Elf:2 ([[   Lair:2 (   Snake:1 (   Snake:3 =   Snake:4 !   Vaults:1 (
Vaults:2 (   Vaults:3 *

Portals:
Hell: Depths:1 Depths:2 Depths:3 Depths:4
Abyss: Slime:2 Geh:1 Depths:2 Depths:3
Pandemonium: Depths:1 Depths:2 Depths:3

#.####......................####.
#.##...##.####.####.####.##...###
###..###...##...##...##...###..#
###.## #.⌠.##.⌠.##.⌠.##.⌠.# ##.#
..#.####...##...##...##...####.#
..#...###.####.####.####.###...##
..#.⌠.###.####.####.####.###.⌠.#.
..#............................##
..##.##.........8..........##.###
..#............................#.
..#.⌠.###.####.####.####.###.⌠.##
###...###.####.####.####.###...##
..#.####...##...##...##...####.##
#.#.## #.⌠.##.⌠.##.⌠.##.⌠.# ##.#.
###..###...##...##...##...###..##
##....#.####.####.####.##...##
######......................###


There were no monsters in sight!


Message History

The Brimstone Fiend gestures at you.
The sphere of damnation explodes!
The damnation engulfs you!!
Casting: Statue Form (safe; 0% risk of failure)
Confirm with . or Enter, or press ? or * to list all spells.
Space momentarily warps into an impossible shape!
You slice the Brimstone Fiend!!
Casting: Manifold Assault (safe; 0% risk of failure)
Confirm with . or Enter, or press ? or * to list all spells.
Space momentarily warps into an impossible shape!
You slice the Brimstone Fiend like a ripe choko!!!!!
You kill the Brimstone Fiend!
The Shining One accepts your kill.
You feel better.
You feel your power returning.
A chaos spawn comes into view.
Casting: Manifold Assault (safe; 0% risk of failure)
Confirm with . or Enter, or press ? or * to list all spells.
Space momentarily warps into an impossible shape!
You barely miss the chaos spawn.
Casting: Manifold Assault (safe; 0% risk of failure)
Confirm with . or Enter, or press ? or * to list all spells.
Space momentarily warps into an impossible shape!
You cut the chaos spawn into ribbons!!!!!
You kill the chaos spawn!
The Shining One accepts your kill.
You feel your power returning.
The chaos spawn degenerates into a cloud of primal chaos!
You hear a hideous shriek!
A hellion comes into view.
Casting: Manifold Assault (safe; 0% risk of failure)
Confirm with . or Enter, or press ? or * to list all spells.
Space momentarily warps into an impossible shape!
You chop the hellion into pieces!!!
You kill the hellion!
The Shining One accepts your kill.
You feel your power returning.
There is an escape hatch in the ceiling here.
A mysterious force pulls you upwards. The hatch slams shut behind you.
A red devil comes into view.
It is wielding a +2 demon trident of pain.
There is a large open door here.
Your transformation is almost over.
There is a large open door here.
You extend your transformation's duration.
You block the red devil's attack.
You cut the red devil into ribbons!!!
You kill the red devil!
The Shining One accepts your kill.
You feel your power returning.
Casting: Statue Form (safe; 0% risk of failure)
Confirm with . or Enter, or press ? or * to list all spells.
You fail to extend your transformation any further.
Unknown command.
There is a stone staircase leading up here.
You fly upwards.
There is a stone staircase leading down here.
You see here a +2 flail of holy wrath.
A green death comes into view.
There is a stone staircase leading up here.
The green death gestures at you.
You fly upwards.
There is a stone staircase leading down here.
Things that are here:
a +0 leather armour; a +0 dagger
Things that are here:
a +0 chain mail; a +0 mace
There is a stone staircase leading up here.
You fly upwards.
There is a stone staircase leading down here.
Things that are here:
a +0 short sword; a +0 club An Orb Guardian comes into view.
Your transformation is almost over.
You extend your transformation's duration.
You block the Orb Guardian's attack. The Orb Guardian completely misses you.
You block the Orb Guardian's attack. The Orb Guardian completely misses you.
You block the Orb Guardian's attack.
You carve the Orb Guardian like a ham!!!
You squeeze the Orb Guardian, but do no damage.
You block the Orb Guardian's attack. x2
You open the Orb Guardian like a pillowcase!!!!
You kill the Orb Guardian!
You feel your intelligence returning.
No target in view!
A sixfirhy comes into view.
You block the sixfirhy's attack. x3
The sixfirhy attacks as you move away! You block the sixfirhy's attack.
You block the sixfirhy's attack. x2; The sixfirhy completely misses you.
You block the sixfirhy's attack.
There is a stone staircase leading up here.
You chop the sixfirhy into pieces!!!
You kill the sixfirhy!
The Shining One accepts your kill.
You fly upwards.
There is a stone staircase leading down here.
There is a stone staircase leading up here.
You fly upwards.
There is a stone staircase leading down here.
You see here a +0 sling.
There is a dry fountain here.
There is a staircase leading out of the dungeon here.
You have escaped!

Action                     |  1- 3 |  4- 6 |  7- 9 | 10-12 | 13-15 | 16-18 | 19-21 | 22-24 | 25-27 || total
---------------------------+-------+-------+-------+-------+-------+-------+-------+-------+-------++-------
  Melee: Short sword       |    39 |    82 |    22 |       |       |       |       |       |       ||   143
         Dagger            |     2 |       |   166 |    15 |       |       |       |       |       ||   183
         Constrict         |     8 |    20 |    35 |    61 |   115 |   100 |   153 |    53 |   301 ||   846
         Tentacles         |     4 |    14 |    39 |   152 |   321 |   332 |   247 |   223 |   735 ||  2067
         Punch             |       |     3 |     3 |     5 |    17 |    30 |    20 |    17 |    37 ||   132
         Long sword        |       |       |       |   263 |       |       |       |       |       ||   263
         Unarmed           |       |       |       |     2 |       |       |       |       |       ||     2
         Scimitar          |       |       |       |   220 |   806 |    68 |       |       |       ||  1094
         Double sword      |       |       |       |       |   190 |   974 |   929 |  1117 |  3940 ||  7150
         Eudemon blade     |       |       |       |       |       |       |       |       |  2389 ||  2389
  Throw: Dart              |     4 |    38 |    27 |    98 |    98 |   112 |    42 |       |       ||   419
   Cast: Statue Form       |       |       |       |       |       |       |    37 |    90 |   402 ||   529
         Manifold Assault  |       |       |       |       |       |       |    54 |   213 |  1702 ||  1969
         Wereblood         |       |       |       |       |       |       |       |     3 |    47 ||    50
         Vhi's Electric Ch |       |       |       |       |       |       |       |       |     2 ||     2
         Yara's Violent Un |       |       |       |       |       |       |       |       |     1 ||     1
 Invoke: Call Merchant     |       |       |       |     2 |     2 |     2 |       |       |     7 ||    13
         Potion Petition   |       |       |       |       |       |       |       |       |     7 ||     7
         Cleansing Flame   |       |       |       |       |       |       |       |       |     1 ||     1
         Brand Weapon With |       |       |       |       |       |       |       |       |     1 ||     1
  Evoke: Wand              |       |       |       |     9 |     4 |     5 |     9 |       |    10 ||    37
         Lightning rod     |       |       |       |       |     4 |       |       |       |       ||     4
         Box of beasts     |       |       |       |       |     2 |       |     1 |       |       ||     3
         Phantom mirror    |       |       |       |       |       |       |     1 |       |     1 ||     2
    Use: Scroll            |       |       |     8 |    11 |    13 |    16 |     6 |     4 |    30 ||    88
         Potion            |       |       |       |     4 |     6 |     8 |     2 |       |    26 ||    46
   Stab: Sleeping          |    17 |     4 |    19 |    12 |    27 |    39 |    29 |     9 |     7 ||   163
         Distracted        |       |       |     1 |     3 |    18 |    18 |    29 |    22 |    55 ||   146
         Paralysed         |       |       |       |     3 |       |     3 |       |       |       ||     6
         Invisible         |       |       |       |     7 |    10 |       |       |       |       ||    17
         Petrifying        |       |       |       |       |       |     6 |       |       |     2 ||     8
         Confused          |       |       |       |       |       |       |     2 |       |       ||     2
         Petrified         |       |       |       |       |       |       |       |       |     2 ||     2
 Armour: Skin              |     2 |     2 |     6 |    13 |     5 |     7 |    14 |    51 |   227 ||   327
  Dodge: Dodged            |    11 |    35 |    70 |   260 |   519 |   698 |   459 |   689 |  3480 ||  6221
  Block: Buckler           |       |       |    36 |   221 |   430 |       |       |       |       ||   687
         Other             |       |       |     7 |     1 |       |       |       |       |       ||     8
         Reflection        |       |       |     2 |     4 |    11 |   100 |    97 |    21 |   152 ||   387
         Kite shield       |       |       |       |       |    68 |   991 |   746 |   992 |  1931 ||  4728
         Tower shield      |       |       |       |       |       |       |       |       |  3465 ||  3465

Levels and vault maps discovered:
D:1:      dpeg_arrival_chambers_temple_mockup, layout_loops_ring,
          columned_hall_lemuel
D:2:      layout_rooms, basic_altar, minmay_misc_feat_roman
D:3:      layout_rooms, serial_shops, nicolae_shop_pleasant_corner_grove,
          nrook_mini_backslash, minmay_shallow_snake_nest
D:4:      layout_layer_cave, hangedman_decor_growths, nicolae_the_louvre,
          uniq_blork_the_orc, uniq_eustachio
D:5:      layout_loops_cross, portal_sewer_entry_f
D:6:      layout_basic, serial_glass, glass_columns_a, glass_columns_b,
          uniq_sigmund
D:7:      layout_rooms, lemuel_temple_firewalk_b, serial_shops, shop,
          uniq_maggie, uniq_joseph
D:8:      layout_cave_pods, lair_entry_dummy, hellmonk_ghost_big_iron
D:9:      layout_roguey
D:10:     layout_basic, mainiacjoe_overflow_alcove_4, feat_on_display
D:11:     minmay_cut_squares, layout_basic, uniq_erica
D:12:     layout_gridville, gammafunk_ghost_berserking_beasts, uniq_fannar
D:13:     layout_rooms, ximxim_vaults_locker_room,
          nicolae_dithmenos_the_darkroom
D:14:     layout_layer_cave, uniq_rupert, uniq_agnes
D:15:     hangedman_depths_entry_civil_slaughter, layout_grid_maze
Temple:   mainiacjoe_temple_archimedes_tessellation
Lair:1:   minmay_lair_oklob_chamber, layout_layer_cave, st_stairs_9
Lair:2:   layout_chaotic_city, palyth_hydra_swamp_entry, dummy_snake_entry,
          pond, uniq_gastronok
Lair:3:   layout_loops_ring, serial_bayou_shore_a, lemuel_fruit_tree,
          grunt_megastairs_2
Lair:4:   layout_cave_pods, infiniplex_staircase_pool, grunt_megastairs_4,
          serial_bayou_shore_b, serial_bayou_shore_b, uniq_josephine, uniq_sonja
Lair:5:   cheibrodos_lair_end_hotspot, layout_loops_ring,
          minmay_slime_entry_pillars
Swamp:1:  layout_falls_marsh, gammafunk_ghost_split, nicolae_swamp_big_swirl,
          nicolae_swamp_very_dense_foliage
Swamp:2:  layout_falls_marsh, hangedman_swamp_blocks, swamp_pool2
Swamp:3:  layout_basic_swamp, nicolae_swamp_well_well_well, swamp_pool4
Swamp:4:  byrel_swamp_growth_death_and_undeath, layout_basic_swamp,
          nicolae_swamp_super_fun_site, uniq_roxanne
Snake:1:  layout_onion, serial_shops, nicolae_shop_tiny_statue_garden,
          uniq_mlioglotl
Snake:2:  layout_misc_corridors
Snake:3:  layout_layer_cave
Snake:4:  grunt_snake_rune_spirals, layout_onion, serial_shops, shop,
          uniq_saint_roka
Slime:1:  layout_caves
Slime:2:  layout_caves, amcnicky_altar_lugonu_corruption
Slime:3:  layout_caves
Slime:4:  layout_caves, nicolae_slime_welcoming_committee
Slime:5
Orc:1:    layout_caves, basic_altar, mines2_lemuel
Orc:2:    st_orc_open, layout_caves, serial_shops, nicolae_shop_hallway_stairs
Elf:1:    nicolae_elf_arrival_aired_out, layout_onion_city, basic_altar,
          orc_legates, st_stairs_9, nicolae_elf_v_pinch, nicolae_shop_gadgets,
          uniq_nikola
Elf:2:    nicolae_elf_blades_splatter_lattice
          [nicolae_blade_entry_floor_patterns], layout_onion_city, serial_shops,
          statue_bzr, nicolae_take_the_stairs, shop, shop_fountains, uniq_azrael
Elf:3:    minmay_elf_hall_curves, layout_gridlike, serial_sigils_hangedman_gut
Vaults:1: nicolae_vaults_trapezoid_layered, nicolae_vaults_lightning_bolt,
          vaults_room_pools, nicolae_vaults_surprise_closet,
          nicolae_vaults_shrinking_rooms_1,
          nicolae_vaults_taking_the_gang_shopping, vaults_mumra_minichess,
          nicolae_vaults_stepped_doors, vaults_room_fancy_cross, v_misc_2,
          vaults_room_stairs_pillars, nicolae_vaults_little_ls,
          layout_vaults_omnibox, nicolae_trove_entry_crossroad, uniq_donald
Vaults:2: nicolae_vaults_closet_pinwheel_3, nicolae_vaults_library_corner,
          vaults_dpeg_ring, ontoclasm_vaults_pinch,
          nicolae_vaults_sesquioval_fish, grunt_vaults_focal, v_misc_24,
          layout_vaults_quadrants, serial_shops, shop
Vaults:3: nicolae_vaults_closet_pinwheel_6, nicolae_vaults_steering_wheel,
          minmay_crypt_entry_simple_round, vaults_room_pool, v_rooms_4,
          nicolae_vaults_shrinking_rooms_2, nicolae_vaults_know_your_exits,
          nicolae_vaults_network_star, nicolae_vaults_mini_display_case,
          layout_vaults_ring, serial_shops, shop
Vaults:4: v_misc_32, nicolae_vaults_trapezoid_lopsided_1, vaults_room_fours,
          v_rooms_5, nicolae_vaults_quartermaster, v_misc_17,
          nicolae_vaults_hallways_thing, vaults_room_ringed_pool,
          grunt_vaults_swirl, vaults_room_boxed,
          nicolae_vaults_closet_pinwheel_1, ontoclasm_vaults_gateway,
          vaults_mumra_chevron_long, nicolae_vaults_offset_grid_hallway_3,
          nicolae_vaults_tetromino_L_1, ontoclasm_vaults_ligature,
          layout_vaults_maze
Vaults:5: serial_shops
Crypt:1:  layout_rooms, ebering_ghost_xom, uniq_bai_suzhen
Crypt:2:  layout_gridlike, st_stairs_4, uniq_frederick
Crypt:3:  david_glass_crypt, layout_misc_corridors,
          tomb_entry_forgotten_bobbens, lemuel_mausoleum_altar_kikubaaqudgha
Tomb:1
Tomb:2
Tomb:3
Depths:1: layout_gridville, nicolae_lava_and_water, grunt_pan_entry_sceptre,
          grunt_hell_entry_dis_grunt, special_room [special_room_morgue],
          minmay_fractal_squares_diagonal_5
Depths:2: lemuel_castle_with_subvaults [lemuel_castle_interior_carwin_3],
          layout_gridlike, minmay_room_of_horrors, rand_demon_pan_entry_7,
          pf_hell_entry_tar_river
Depths:3: grunt_runaround [grunt_runaround_doors_1, grunt_runaround_doors_2,
          grunt_runaround_doors_3, grunt_runaround_doors_4,
          grunt_runaround_loot], hell_entry, abyss_entry, pan_entry,
          serial_shops
Depths:4: grunt_zot_entry_alcove, layout_basic, enter_ziggurat_d, hellmouth_1,
          minmay_crystal_water, ashenzari_altar_1
Hell
Dis:1:    layout_jigsaw, nicolae_dis_scattering
Dis:2:    layout_gridville, nicolae_dis_liches_on_tour
Dis:3:    layout_overlapping_boxes
Dis:4:    nicolae_dis_big_iron_x
Dis:5:    layout_subdivisions
Dis:6:    nicolae_dis_hell_towers
Dis:7:    dis_hangedman
Geh:1:    layout_gehenna_pools_box, lemuel_hellish_altar
Geh:2:    layout_gehenna_pools_box, nicolae_geh_sunburst
Geh:3:    layout_gehenna_pools_basic, nicolae_geh_lava_rosette
Geh:4:    layout_gehenna_lava_caves
Geh:6:    layout_gehenna_pools_triple
Geh:7:    evilmike_geh
Coc:1:    layout_ice_bergs
Coc:2:    layout_ice_bergs
Coc:3:    layout_ice_bergs
Coc:4:    layout_ice_bergs
Coc:5:    layout_cocytus_water_paths
Coc:6:    nicolae_hells_giants_party, layout_ice_bergs
Coc:7:    coc_grunt
Tar:1:    layout_grid_maze
Tar:2:    layout_grid_maze
Tar:3:    layout_grid_maze
Tar:4:    layout_grid_maze
Tar:5:    layout_cathedral_of_symmetry
Tar:6:    layout_catacombs, nicolae_hells_seeping_fissure
Tar:7:    tar_old
Zot:1:    layout_onion_interference
Zot:2:    layout_misc_corridors, grunt_megastairs_1
Zot:3:    layout_gridlike, serial_nicolae_subway, nicolae_sub_station_stone,
          nicolae_sub_station_metal, nicolae_sub_station_crystal
Zot:4:    layout_gridlike, grunt_ministairs_2, zot_minivault_2, uniq_parghit
Zot:5:    layout_onion, hangedman_zot_decor_checkerboard, grunt_ministairs_10,
          st_stairs_5

Notes
Turn   | Place    | Note
-------+----------+-------------------------------------------
     0 | D:1      | initializr the Octopode Brigand began the quest for the
                  | Orb.
     0 | D:1      | Reached XP level 1. HP: 14/14 MP: 1/1
   200 | D:1      | Reached XP level 2. HP: 16/19 MP: 2/2
   346 | D:1      | Reached skill level 1 in Long Blades
   860 | D:1      | Reached XP level 3. HP: 24/24 MP: 3/3
  1020 | D:2      | Reached skill level 1 in Invocations
  1047 | D:2      | You pick up a book of Debilitation and begin reading...
  1047 | D:2      | You add the spells Slow, Vampiric Draining and Confusing
                  | Touch to your library.
  1124 | D:2      | Found a shimmering altar of Xom.
  1239 | D:3      | Noticed a scorpion
  1246 | D:3      | Killed a scorpion
  1247 | D:3      | Reached skill level 2 in Long Blades
  1247 | D:3      | Reached XP level 4. HP: 27/30 MP: 3/5
  1303 | D:3      | HP: 7/30 [poisoned by a kobold]
  1409 | D:3      | Found Xyakif's Assorted Antiques.
  1413 | D:3      | Bought a scroll labelled BIMNUNWIUT for 20 gold pieces
  1461 | D:3      | Reached skill level 2 in Dodging
  1461 | D:3      | Reached XP level 5. HP: 35/35 MP: 6/6
  1619 | D:3      | Reached skill level 6 in Stealth
  1824 | D:3      | Reached skill level 3 in Long Blades
  2080 | D:4      | Reached skill level 3 in Fighting
  2080 | D:4      | Reached XP level 6. HP: 37/42 MP: 7/7
  2177 | D:4      | Noticed Blork the orc
  2186 | D:4      | Killed Blork the orc
  2443 | D:4      | Reached skill level 4 in Long Blades
  2451 | D:4      | HP: 10/42 [orc/+0 falchion (5)]
  2682 | D:4      | Noticed Eustachio
  2693 | D:4      | Killed Eustachio
  2694 | D:4      | Reached skill level 3 in Dodging
  2694 | D:4      | Reached skill level 7 in Stealth
  2694 | D:4      | Reached XP level 7. HP: 35/47 MP: 8/8
  3605 | D:5      | Entered Level 5 of the Dungeon
  3786 | D:5      | You pick up a book of Scorching and begin reading...
  3786 | D:5      | You add the spells Scorch, Flame Wave and Summon Cactus
                  | Giant to your library.
  3827 | D:5      | Reached skill level 4 in Fighting
  3827 | D:5      | Reached skill level 5 in Long Blades
  4203 | D:5      | Found a glowing drain.
  4222 | Sewer    | Entered a sewer
  4324 | Sewer    | Reached XP level 8. HP: 41/54 MP: 9/9
  4417 | Sewer    | Reached skill level 1 in Shields
  4518 | Sewer    | Reached skill level 4 in Dodging
  4619 | D:5      | Reached skill level 6 in Long Blades
  4619 | D:5      | Reached skill level 8 in Stealth
  5070 | D:6      | Identified the +7 dagger of Puckish Subterfuge {flame, rF-
                  | Int+4 Dex+2 SInv}
  5076 | D:6      | Reached skill level 2 in Shields
  5240 | D:6      | Noticed Sigmund
  5249 | D:6      | Killed Sigmund
  5347 | D:6      | Noticed a two-headed ogre
  5357 | D:6      | Reached skill level 5 in Fighting
  5592 | D:6      | Reached XP level 9. HP: 61/61 MP: 10/10
  5823 | D:6      | Killed a two-headed ogre
  5824 | D:6      | Reached skill level 7 in Long Blades
  5824 | D:6      | Reached skill level 5 in Dodging
  5824 | D:6      | Reached skill level 9 in Stealth
  5824 | D:6      | Reached skill level 3 in Shields
  6185 | D:6      | You pick up a book of Winter and begin reading...
  6185 | D:6      | You add the spells Ozocubu's Armour, Metabolic Englaciation
                  | and Simulacrum to your library.
  6558 | D:7      | Reached skill level 8 in Long Blades
  6592 | D:7      | Reached skill level 6 in Fighting
  6592 | D:7      | Reached skill level 4 in Shields
  6650 | D:7      | Reached XP level 10. HP: 68/68 MP: 11/11
  6663 | D:6      | HP: 16/68 [killer bee (8)]
  6669 | D:6      | HP: 9/68 [orc/+0 flail (10)]
  6873 | D:7      | Noticed Maggie
  6932 | D:7      | Killed Maggie
  6933 | D:7      | Reached skill level 6 in Dodging
  7005 | D:7      | Found a staircase to the Ecumenical Temple.
  7015 | Temple   | Entered the Ecumenical Temple
  7207 | Temple   | Became a worshipper of Gozag Ym Sagoz the Greedy
  7281 | D:7      | Reached skill level 10 in Stealth
  7316 | D:7      | Found Uggealum's Book Boutique.
  7862 | D:7      | Noticed Joseph
  7868 | D:7      | Killed Joseph
  7869 | D:7      | Reached skill level 9 in Long Blades
  8204 | D:7      | Identified a scroll of acquirement
  8204 | D:7      | Acquired a manual of Dodging
  8227 | D:8      | Noticed a two-headed ogre
  8243 | D:8      | Killed a two-headed ogre
  8244 | D:8      | Reached skill level 5 in Shields
  8480 | D:8      | HP: 15/69 [steam dragon] (6)]
  8661 | D:8      | Found a runed translucent door.
  8663 | D:8      | Noticed t4s4d4r's ghost (novice DgHu)
  8725 | D:8      | You pick up a book of Spectacle and begin reading...
  8725 | D:8      | You add the spells Volatile Blastmotes, Dazzling Flash,
                  | Iskenderun's Mystic Blast and Starburst to your library.
  9201 | D:8      | Found a staircase to the Lair.
  9241 | D:8      | Reached skill level 7 in Dodging
  9371 | D:8      | Reached skill level 7 in Fighting
  9787 | D:9      | HP: 17/71 [troll (4)]
 10217 | D:9      | You pick up a book of Weapons and begin reading...
 10217 | D:9      | You add the spells Tukima's Dance, Portal Projectile and
                  | Blade Hands to your library.
 10298 | D:9      | Reached XP level 11. HP: 39/75 MP: 12/12
 10421 | D:9      | You pick up a book of Armaments and begin reading...
 10421 | D:9      | You add the spells Stone Arrow and Lehudib's Crystal Spear
                  | to your library.
 10524 | D:9      | Reached skill level 11 in Stealth
 10589 | D:9      | Reached skill level 10 in Long Blades
 10943 | D:10     | Entered Level 10 of the Dungeon
 11270 | D:10     | Reached skill level 8 in Dodging
 11501 | D:10     | Noticed a two-headed ogre
 11508 | D:10     | HP: 12/75 [two-headed ogre/+0 giant club (20)]
 11520 | D:10     | Killed a two-headed ogre
 11970 | D:10     | Reached skill level 6 in Shields
 12243 | D:10     | Found a burning altar of Makhleb.
 12398 | D:11     | Noticed an orc knight
 12587 | D:11     | Found a staircase to the Orcish Mines.
 12590 | D:11     | Noticed Erica
 12597 | D:11     | Killed Erica
 12652 | D:11     | Noticed an orc knight
 12840 | D:11     | Noticed a centaur warrior
 12840 | D:11     | Noticed a wizard
 13052 | D:11     | Killed an orc knight
 13307 | Lair:1   | Entered Level 1 of the Lair of Beasts
 13315 | D:8      | Reached skill level 8 in Fighting
 13321 | D:8      | Reached skill level 9 in Dodging
 13457 | D:11     | Noticed an ogre mage
 13612 | D:11     | Killed an orc knight
 13613 | D:11     | Reached skill level 12 in Stealth
 13811 | Orc:1    | Entered Level 1 of the Orcish Mines
 14074 | Orc:1    | Noticed an orc high priest
 14086 | Orc:1    | Noticed an orc knight
 14108 | Orc:1    | Reached skill level 11 in Long Blades
 14281 | Orc:1    | Killed an orc high priest
 14282 | Orc:1    | Reached skill level 7 in Shields
 14282 | Orc:1    | Reached XP level 12. HP: 84/84 MP: 13/13
 14375 | Orc:1    | Found a shimmering altar of Xom.
 14383 | Orc:1    | Reached skill level 10 in Dodging
 14841 | Orc:2    | Entered Level 2 of the Orcish Mines
 15059 | Orc:2    | Noticed a sun demon
 15088 | Orc:2    | Noticed a two-headed ogre
 15088 | Orc:2    | Noticed an ogre mage
 15088 | Orc:2    | Noticed a two-headed ogre
 15088 | Orc:2    | Noticed a two-headed ogre
 15088 | Orc:2    | Found Inuthrik's Magic Scroll Shoppe.
 15088 | Orc:2    | Found Docicaro's Armour Boutique.
 15101 | Orc:2    | Found Jarphasu's Antique Armour Boutique.
 15116 | Orc:2    | Noticed a two-headed ogre
 15489 | D:11     | Bought a +6 ring of dexterity for 360 gold pieces
 15489 | D:11     | Bought a +6 ring of dexterity for 360 gold pieces
 15654 | D:11     | Reached skill level 9 in Fighting
 15777 | D:11     | Killed a centaur warrior
 15778 | D:11     | Reached skill level 11 in Dodging
 15871 | D:11     | Identified the +4 mace "Quvemp" {freeze, rF+++ rCorr Str+2
                  | Dex-5}
 15879 | D:11     | Killed an ogre mage
 16285 | D:12     | Reached skill level 12 in Long Blades
 16412 | D:11     | Reached skill level 12 in Dodging
 16588 | D:12     | Noticed Fannar
 16598 | D:12     | Killed Fannar
 16599 | D:12     | Reached skill level 10 in Fighting
 16855 | D:12     | Found a transporter.
 16856 | D:12     | Noticed an eight-headed hydra
 16857 | D:12     | Noticed a catoblepas
 16857 | D:12     | Noticed Koushar's ghost (novice FeTm)
 16863 | D:12     | Noticed an ice dragon
 16871 | D:12     | Found a transporter.
 16885 | D:12     | Found the +3 salamander hide armour {Flames, rFlCloud rF++
                  | rC--}
 16908 | D:12     | Noticed a two-headed ogre
 16912 | D:12     | Killed a two-headed ogre
 17123 | D:12     | Identified the +7 quarterstaff "Itora" {drain, rPois rC+}
 17271 | D:12     | Reached XP level 13. HP: 83/92 MP: 14/14
 17529 | D:8      | Reached skill level 13 in Dodging
 18496 | Lair:1   | Reached skill level 11 in Fighting
 18506 | Lair:1   | You pick up a book of Displacement and begin reading...
 18506 | Lair:1   | You add the spells Lesser Beckoning, Gell's Gravitas and
                  | Teleport Other to your library.
 18615 | Lair:1   | Reached skill level 13 in Long Blades
 19769 | Lair:2   | Reached skill level 14 in Dodging
 19826 | Lair:2   | Noticed Gastronok
 19842 | Lair:2   | Killed Gastronok
 20069 | Lair:2   | Found a staircase to the Snake Pit.
 20234 | Lair:2   | Reached skill level 8 in Shields
 20234 | Lair:2   | Found a staircase to the Swamp.
 20815 | Lair:3   | Reached XP level 14. HP: 102/102 MP: 15/15
 21302 | Lair:4   | You fall into a shaft and drop 1 floor!
 21302 | Lair:5   | Entered Level 5 of the Lair of Beasts
 21448 | Lair:5   | Reached skill level 12 in Fighting
 21507 | Lair:5   | You add the spells Passage of Golubria and Yara's Violent
                  | Unravelling to your library.
 21860 | Lair:5   | Reached skill level 9 in Shields
 22000 | Lair:5   | Found a staircase to the Slime Pits.
 22000 | Lair:5   | Found a viscous altar of Jiyva.
 22366 | Lair:5   | Identified the +5 orcbow of the Fae God {speed, rF- Dex+5}
 22796 | Lair:5   | Reached skill level 15 in Dodging
 22967 | Lair:5   | Found a large runed translucent door.
 22974 | Lair:5   | Found a large runed translucent door.
 23836 | Lair:4   | Noticed Sonja
 23845 | Lair:4   | Killed Sonja
 24252 | Lair:4   | Reached skill level 10 in Shields
 24269 | Lair:4   | Reached skill level 13 in Fighting
 24486 | Lair:4   | Noticed Josephine
 24645 | Lair:4   | Reached XP level 15. HP: 99/110 MP: 16/16
 25767 | Lair:4   | Killed Josephine
 26142 | D:8      | Bought a smoking long sword for 255 gold pieces
 26142 | D:8      | Identified the +3 long sword of the Onslaught {holy, Will+}
                  | (You bought it in a shop on level 8 of the Dungeon)
 26145 | D:8      | Bought a scroll of fear for 56 gold pieces
 26865 | Orc:2    | Reached skill level 11 in Shields
 27007 | Orc:2    | Found a staircase to the Elven Halls.
 27077 | Orc:2    | Found Leenod's Antique Armour Shop.
 27373 | Orc:2    | Reached skill level 16 in Dodging
 27387 | Orc:2    | Found Fexeeriro's Magic Scroll Boutique.
 27473 | Orc:2    | Bought a scroll of blinking for 82 gold pieces
 27473 | Orc:2    | Bought a scroll of blinking for 82 gold pieces
 27575 | Orc:2    | Bought a scroll of fear for 56 gold pieces
 28169 | D:8      | Bought a scroll of acquirement for 728 gold pieces
 28172 | D:8      | Acquired a +2 double sword of freezing
 28173 | D:8      | N - a +2 double sword of freezing {rare}
 28174 | D:8      | your +2 double sword of freezing {rare} glows with a cold
                  | blue light!
 28174 | D:8      | N - a +2 double sword of freezing (weapon) {rare}
 28258 | D:3      | Bought a scroll of fog for 80 gold pieces
 28258 | D:3      | Bought a potion of haste for 200 gold pieces
 28258 | D:3      | Bought a potion of heal wounds for 100 gold pieces
 28258 | D:3      | Bought 2 glowing emerald potions for 36 gold pieces
 28347 | D:8      | Bought a scroll of enchant weapon for 105 gold pieces
 28347 | D:8      | Bought a scroll of blinking for 105 gold pieces
 28347 | D:8      | Bought a scroll of brand weapon for 133 gold pieces
 28347 | D:8      | Bought a scroll of teleportation for 42 gold pieces
 28460 | Orc:2    | Bought a scroll of blinking for 105 gold pieces
 28460 | Orc:2    | Bought a scroll of blinking for 105 gold pieces
 28460 | Orc:2    | Bought a scroll of blinking for 105 gold pieces
 28460 | Orc:2    | your +2 double sword of freezing {rare} glows red for a
                  | moment.
 28461 | Orc:2    | your +3 double sword of freezing {rare} glows red for a
                  | moment.
 28850 | D:13     | Reached skill level 1 in Evocations
 28892 | D:13     | Found a shadowy altar of Dithmenos.
 28917 | D:13     | Reached skill level 14 in Fighting
 28918 | D:13     | Reached skill level 14 in Long Blades
 29625 | D:13     | Reached skill level 2 in Evocations
 29681 | D:13     | Identified the +3 kite shield "Fuudifex" {Harm Will+}
 29730 | D:13     | Found a gate to the Vaults.
 29999 | D:8      | Killed t4s4d4r's ghost
 30062 | D:8      | You pick up a book of Iron and begin reading...
 30586 | Lair:4   | You fall into a shaft and drop 1 floor!
 30676 | Lair:5   | Identified the staff "Kufoh" {rElec rPois Int+4 Conj}
 30727 | Lair:5   | Your damage rating with your +4 double sword of freezing
                  | {rare} is about 40 (Base 15 x 152% (Dex) x 158% (Skill) + 4
                  | (Ench)).
 30978 | D:14     | Noticed Agnes
 30985 | D:14     | Killed Agnes
 30986 | D:14     | Reached skill level 3 in Evocations
 31272 | D:14     | Noticed Rupert
 31522 | D:14     | Reached XP level 16. HP: 120/120 MP: 17/17
 31710 | D:14     | Killed Rupert
 32279 | D:15     | Entered Level 15 of the Dungeon
 32298 | D:15     | your +4 double sword of freezing {rare} stops glowing.
 32304 | D:15     | Reached skill level 4 in Evocations
 32403 | D:15     | your +4 double sword of freezing {rare} glows with a cold
                  | blue light!
 32403 | D:15     | N - a +4 double sword of freezing (weapon) {rare}
 32607 | D:15     | your +4 double sword of freezing {rare} stops glowing.
 32618 | D:15     | Reached skill level 12 in Shields
 32618 | D:15     | your +4 double sword of freezing {rare} glows with a cold
                  | blue light!
 32618 | D:15     | N - a +4 double sword of freezing (weapon) {rare}
 32677 | D:15     | your +4 double sword of freezing {rare} stops glowing.
 32682 | D:15     | your +4 double sword of freezing {rare} glows with a cold
                  | blue light!
 32682 | D:15     | N - a +4 double sword of freezing (weapon) {rare}
 32864 | D:15     | Found a staircase to the Depths.
 33407 | D:15     | You pick up a book of Dreams and begin reading...
 33407 | D:15     | You add the spells Ensorcelled Hibernation, Spider Form and
                  | Anguish to your library.
 33478 | D:15     | Reached skill level 5 in Evocations
 33968 | Swamp:1  | Entered Level 1 of the Swamp
 33968 | Swamp:1  | Noticed a fenstrider witch
 33998 | Swamp:1  | Noticed esper6's ghost (journeyman GnNe)
 34001 | Swamp:1  | Noticed a thorn hunter
 34199 | Swamp:1  | Noticed a thorn hunter
 35269 | Swamp:1  | Found a runed translucent gate.
 35269 | Swamp:1  | Found a runed translucent gate.
 35269 | Swamp:1  | Found a runed translucent gate.
 35287 | Swamp:1  | Reached skill level 15 in Long Blades
 35300 | Swamp:1  | Reached skill level 15 in Fighting
 35740 | Swamp:2  | Reached skill level 17 in Dodging
 35742 | Swamp:2  | your +4 double sword of freezing {rare} stops glowing.
 35752 | Swamp:2  | your +4 double sword of freezing {rare} glows with a cold
                  | blue light!
 35752 | Swamp:2  | N - a +4 double sword of freezing (weapon) {rare}
 36067 | Swamp:1  | your +4 double sword of freezing {rare} stops glowing.
 36074 | Swamp:2  | your +4 double sword of freezing {rare} glows with a cold
                  | blue light!
 36074 | Swamp:2  | N - a +4 double sword of freezing (weapon) {rare}
 36212 | Swamp:2  | your +4 double sword of freezing {rare} stops glowing.
 36228 | Swamp:2  | your +4 double sword of freezing {rare} glows with a cold
                  | blue light!
 36228 | Swamp:2  | N - a +4 double sword of freezing (weapon) {rare}
 36337 | Swamp:2  | your +4 double sword of freezing {rare} stops glowing.
 36351 | Swamp:2  | your +4 double sword of freezing {rare} glows with a cold
                  | blue light!
 36351 | Swamp:2  | N - a +4 double sword of freezing (weapon) {rare}
 36736 | Swamp:2  | Your damage rating with your +4 double sword of freezing
                  | {rare} is about 41 (Base 15 x 152% (Dex) x 163% (Skill) + 4
                  | (Ench)).
 36763 | Swamp:3  | Reached XP level 17. HP: 118/127 MP: 18/18
 36937 | Swamp:3  | You pick up a book of Death and begin reading...
 36937 | Swamp:3  | You add the spells Haunt and Infestation to your library.
 36954 | Swamp:3  | Reached skill level 13 in Shields
 37142 | Swamp:3  | Reached skill level 1 in Translocations
 37145 | Swamp:3  | Reached skill level 1 in Earth Magic
 37317 | Swamp:4  | Entered Level 4 of the Swamp
 37411 | Swamp:3  | your +4 double sword of freezing {rare} stops glowing.
 37628 | Swamp:3  | your +4 double sword of freezing {rare} glows with a cold
                  | blue light!
 37628 | Swamp:3  | N - a +4 double sword of freezing (weapon) {rare}
 37630 | Swamp:4  | Noticed a tentacled monstrosity
 37636 | Swamp:4  | Identified Roxanne's Compilation of Flesh
 37636 | Swamp:4  | Noticed Roxanne
 37950 | Snake:1  | Entered Level 1 of the Snake Pit
 38103 | D:11     | Bought the amulet of Xoxismuu {Reflect rPois rF++ Str-2
                  | SH+5} for 545 gold pieces
 38294 | Snake:1  | Reached skill level 1 in Spellcasting
 38542 | Snake:1  | Noticed Mlioglotl
 38566 | Snake:1  | Found Dopsiutat's Antique Weapon Emporium.
 39081 | Snake:1  | Reached skill level 2 in Translocations
 39152 | Snake:1  | Reached skill level 2 in Earth Magic
 39410 | Snake:1  | Killed Mlioglotl
 39613 | Snake:2  | Reached skill level 2 in Spellcasting
 39628 | Snake:2  | Identified the ring of Perfectionism {Fly Will++ Dex+6
                  | SInv}
 40500 | Snake:3  | You pick up a book of the Spheres and begin reading...
 40500 | Snake:3  | You add the spells Iskenderun's Battlesphere, Fireball,
                  | Conjure Ball Lightning and Orb of Destruction to your
                  | library.
 40675 | Snake:3  | Reached skill level 3 in Translocations
 40689 | Snake:3  | Reached skill level 3 in Earth Magic
 40829 | Snake:3  | Reached skill level 3 in Spellcasting
 42028 | Snake:4  | Entered Level 4 of the Snake Pit
 42028 | Snake:4  | Found Irhiosit's Distillery.
 42050 | Snake:4  | Reached skill level 4 in Translocations
 42121 | Snake:4  | Bought a potion of berserk rage for 80 gold pieces
 42121 | Snake:4  | Bought a potion of berserk rage for 80 gold pieces
 42121 | Snake:4  | Bought a potion of haste for 160 gold pieces
 42121 | Snake:4  | Bought a potion of haste for 160 gold pieces
 42121 | Snake:4  | Bought a potion of might for 64 gold pieces
 42134 | Snake:4  | Reached skill level 4 in Earth Magic
 42372 | Snake:4  | Reached XP level 18. HP: 129/135 MP: 23/23
 42420 | Snake:4  | Noticed Saint Roka
 42433 | Snake:4  | HP: 23/135 [Saint Roka/+3 halberd (40)]
 43211 | Snake:4  | Killed Saint Roka
 43212 | Snake:4  | Reached skill level 4 in Spellcasting
 43214 | Snake:4  | Reached skill level 5 in Translocations
 43298 | Snake:4  | Reached skill level 5 in Earth Magic
 43615 | Snake:4  | Reached skill level 16 in Fighting
 43991 | Snake:4  | your +4 double sword of freezing {rare} glows red for a
                  | moment.
 44343 | Snake:4  | Reached skill level 6 in Translocations
 44343 | Snake:4  | Reached skill level 6 in Earth Magic
 45007 | Snake:4  | Reached skill level 5 in Spellcasting
 45149 | Snake:4  | Reached skill level 7 in Translocations
 45149 | Snake:4  | Reached skill level 7 in Earth Magic
 45669 | Snake:4  | Got a serpentine rune of Zot
 46196 | D:12     | HP: 31/135 [something/blast of calcifying dust (9)]
 46478 | D:12     | your +5 double sword of freezing {rare} stops glowing.
 46762 | D:12     | your +5 double sword of freezing {rare} glows with a cold
                  | blue light!
 46762 | D:12     | N - a +5 double sword of freezing (weapon) {rare}
 46772 | D:12     | Killed Koushar's ghost
 47263 | Swamp:3  | your +5 double sword of freezing {rare} stops glowing.
 47319 | Swamp:3  | your +5 double sword of freezing {rare} glows with a cold
                  | blue light!
 47319 | Swamp:3  | N - a +5 double sword of freezing (weapon) {rare}
 47349 | Swamp:4  | Reached skill level 8 in Translocations
 47349 | Swamp:4  | Reached skill level 8 in Earth Magic
 47362 | Swamp:4  | your +5 double sword of freezing {rare} stops glowing.
 47371 | Swamp:3  | your +5 double sword of freezing {rare} glows with a cold
                  | blue light!
 47371 | Swamp:3  | N - a +5 double sword of freezing (weapon) {rare}
 47457 | Swamp:3  | your +5 double sword of freezing {rare} stops glowing.
 47533 | Swamp:3  | your +5 double sword of freezing {rare} glows with a cold
                  | blue light!
 47533 | Swamp:3  | N - a +5 double sword of freezing (weapon) {rare}
 47730 | Swamp:3  | your +5 double sword of freezing {rare} stops glowing.
 47785 | Swamp:3  | your +5 double sword of freezing {rare} glows with a cold
                  | blue light!
 47785 | Swamp:3  | N - a +5 double sword of freezing (weapon) {rare}
 48123 | Swamp:4  | Reached skill level 6 in Spellcasting
 48141 | Swamp:4  | Killed a tentacled monstrosity
 48142 | Swamp:4  | Reached XP level 19. HP: 141/141 MP: 28/28
 48165 | Swamp:4  | Killed Roxanne
 48241 | Swamp:4  | You add the spells Sting, Ice Form and Statue Form to your
                  | library.
 48298 | Swamp:4  | Learned a level 6 spell: Statue Form
 49074 | Swamp:4  | Reached skill level 1 in Transmutations
 49074 | Swamp:4  | Reached skill level 9 in Earth Magic
 49371 | Swamp:4  | Reached skill level 2 in Transmutations
 49748 | Swamp:4  | Reached skill level 3 in Transmutations
 49906 | Swamp:4  | Found a blossoming altar of Fedhas.
 50328 | Swamp:4  | Found a basalt altar of Yredelemnul.
 50343 | Swamp:4  | Got a decaying rune of Zot
 50385 | Swamp:4  | Reached skill level 4 in Transmutations
 50722 | Elf:1    | Entered Level 1 of the Elven Halls
 50724 | Elf:1    | Paralysed by an air elemental for 1 turns
 50995 | Elf:1    | Identified the +0 short sword of Otu Leoxollu {antimagic,
                  | *Slow rF+ rC+}
 51028 | Elf:1    | Reached skill level 5 in Transmutations
 51324 | Elf:1    | Your damage rating with your +5 double sword of freezing
                  | {rare} is about 46 (Base 15 x 167% (Dex) x 167% (Skill) + 5
                  | (Ench)).
 51405 | Elf:1    | Noticed a Tzitzimitl
 51540 | Elf:1    | Acquired 544 gold pieces
 51572 | Elf:1    | Found a runed translucent gate.
 51572 | Elf:1    | Found a runed translucent gate.
 51572 | Elf:1    | Found a runed translucent gate.
 51572 | Elf:1    | Found a runed translucent gate.
 51572 | Elf:1    | Found a runed translucent gate.
 51585 | Elf:1    | Found a runed translucent gate.
 51654 | Elf:1    | Found an ancient bone altar of Kikubaaqudgha.
 51694 | Elf:1    | Noticed Nikola
 51695 | Elf:1    | Reached skill level 6 in Transmutations
 51717 | Elf:1    | Killed Nikola
 51718 | Elf:1    | Reached skill level 10 in Earth Magic
 51927 | Elf:1    | Found Wiostragg's Gadget Gallery.
 52107 | Elf:1    | You pick up a book of the Dragon and begin reading...
 52107 | Elf:1    | You add the spells Cause Fear, Dragon Form and Dragon's
                  | Call to your library.
 52173 | Elf:1    | Reached skill level 14 in Shields
 52400 | Elf:1    | your +5 double sword of freezing {rare} glows red for a
                  | moment.
 52476 | Elf:2    | Found Siz Daisk's Antique Armour Emporium.
 52568 | Elf:2    | Reached skill level 7 in Transmutations
 52569 | Elf:2    | Noticed Azrael
 52590 | Elf:2    | Killed Azrael
 52756 | Elf:2    | Found a runed translucent gate.
 52758 | Elf:2    | Found a runed translucent gate.
 52759 | Elf:2    | Found a runed translucent gate.
 52929 | Elf:2    | Found a gateway to a bazaar.
 52946 | Elf:2    | Found Faaxt's Weapon Shop.
 52996 | Elf:2    | You pick up a book of Hexes and begin reading...
 53004 | Elf:2    | Paralysed by an air elemental for 1 turns
 53120 | Elf:2    | Found Joasiv's Antique Armour Emporium.
 53243 | Elf:2    | Reached skill level 8 in Transmutations
 53491 | Elf:2    | HP: 33/141 [poisoned by a +0 glaive of venom]
 53496 | Elf:2    | HP: 27/141 [poisoned by a +0 glaive of venom]
 53916 | Elf:2    | Reached XP level 20. HP: 129/147 MP: 29/29
 54083 | Bazaar   | Entered a bazaar
 54083 | Bazaar   | Found Peibb's Antique Armour Emporium.
 54083 | Bazaar   | Found Hyph's General Store.
 54083 | Bazaar   | Found Docs's General Store.
 54085 | Bazaar   | Found Laothul's Jewellery Boutique.
 54085 | Bazaar   | Found Fyzeagg's Magic Scroll Shoppe.
 54105 | Bazaar   | Bought a scroll of fear for 44 gold pieces
 54108 | Bazaar   | Bought the ring "Zyxkuoxedgh" {rElec rC+ Dex+2} for 432
                  | gold pieces
 54108 | Bazaar   | Bought a +6 ring of dexterity for 360 gold pieces
 54120 | Bazaar   | Bought a scroll of teleportation for 51 gold pieces
 54123 | Bazaar   | Bought a scroll of teleportation for 24 gold pieces
 54239 | Elf:2    | Reached skill level 9 in Transmutations
 54321 | Elf:2    | Reached skill level 11 in Earth Magic
 54670 | Elf:3    | Entered Level 3 of the Elven Halls
 55194 | Elf:3    | You pick up a book of Party Tricks and begin reading...
 55194 | Elf:3    | You add the spells Apportation and Alistair's Intoxication
                  | to your library.
 55654 | Elf:3    | Reached skill level 10 in Transmutations
 55782 | Elf:3    | Identified the +7 broad axe "Jugaol" {freeze, rElec rN+
                  | Int+3 Dex-5}
 55795 | Elf:3    | Identified the amulet of Pailusye {Reflect Dex-2 SH+5 SInv
                  | Stlth+}
 55802 | Elf:3    | Reached skill level 15 in Shields
 55964 | Elf:3    | Identified the +1 ring mail "Uvuum" {Rampage Str+5 Stlth-}
 56097 | Elf:3    | Reached skill level 11 in Transmutations
 56421 | Elf:3    | You pick up a book of Blasting and begin reading...
 56421 | Elf:3    | You add the spells Fulminant Prism and Lee's Rapid
                  | Deconstruction to your library.
 56433 | Elf:3    | You pick up a book of Fire and begin reading...
 56433 | Elf:3    | You add the spells Foxfire and Plasma Beam to your library.
 56435 | Elf:3    | You pick up a book of Minor Magic and begin reading...
 56435 | Elf:3    | You add the spells Magic Dart, Call Imp and Mephitic Cloud
                  | to your library.
 57306 | Swamp:1  | Killed esper6's ghost
 57307 | Swamp:1  | Reached skill level 12 in Earth Magic
 57702 | Vaults:1 | Entered Level 1 of the Vaults
 57708 | Vaults:1 | Your damage rating with your +6 double sword of freezing
                  | {rare} is about 56 (Base 15 x 202% (Dex) x 167% (Skill) + 6
                  | (Ench)).
 57787 | Vaults:1 | Reached skill level 12 in Transmutations
 57812 | Vaults:1 | Reached XP level 21. HP: 153/153 MP: 30/30
 57821 | Vaults:1 | Reached skill level 16 in Shields
 58020 | Vaults:1 | Found a portal to a secret trove of treasure.
 58021 | Vaults:1 | You pick up a book of the Senses and begin reading...
 58021 | Vaults:1 | You add the spells Agony and Silence to your library.
 58071 | Vaults:1 | This trove needs the horn of Geryon to function. Give it
                  | the item?
 58714 | Vaults:1 | Found Xuefahe's Weapon Emporium.
 58815 | Vaults:1 | Identified a +1 crystal plate armour
 58815 | Vaults:1 | Noticed Donald
 58848 | Vaults:1 | Killed Donald
 58886 | Vaults:1 | a +1 demon trident of electrocution; a +1 crystal plate
                  | armour {rare}; a +0 kite shield of reflection
 58887 | Vaults:1 | a +1 demon trident of electrocution; a +1 crystal plate
                  | armour {rare}; a +0 kite shield of reflection
 58986 | Vaults:2 | Identified the +6 dagger "Cayd" {freeze, Will- Str+4 Dex+3}
 59318 | Vaults:2 | You pick up a book of the Warp and begin reading...
 59318 | Vaults:2 | You add the spells Manifold Assault, Dispersal and
                  | Disjunction to your library.
 59322 | Vaults:2 | You pick up a book of the Sky and begin reading...
 59322 | Vaults:2 | You add the spells Storm Form and Maxwell's Capacitive
                  | Coupling to your library.
 59382 | Vaults:2 | Learned a level 4 spell: Manifold Assault
 59456 | Vaults:2 | Found Pesufuh's Antique Weapon Emporium.
 60064 | Vaults:2 | You are sucked into a shaft and drop 1 floor!
 60310 | Vaults:3 | Found a staircase to the Crypt.
 60310 | Vaults:3 | Noticed a curse skull
 60315 | Vaults:3 | Killed a curse skull
 60318 | Vaults:3 | Reached skill level 17 in Shields
 60737 | Vaults:3 | Reached skill level 13 in Transmutations
 60737 | Vaults:3 | Reached skill level 13 in Earth Magic
 61436 | Vaults:3 | You pick up a book of the Tundra and begin reading...
 61599 | Vaults:3 | Found Unugoj Umalo's Assorted Antiques.
 62570 | Vaults:2 | You are sucked into a shaft and drop 2 floors!
 62580 | Vaults:4 | Reached XP level 22. HP: 160/160 MP: 1/31
 63060 | Vaults:4 | Reached skill level 18 in Dodging
 63320 | Vaults:4 | Reached skill level 14 in Earth Magic
 63321 | Vaults:4 | Reached skill level 14 in Transmutations
 63471 | Vaults:4 | Identified the +2 rapier of Desertification {holy, Str+6}
 64432 | D:15     | your +6 double sword of freezing {rare} glows red for a
                  | moment.
 64433 | D:15     | your +7 double sword of freezing {rare} glows red for a
                  | moment.
 64434 | D:15     | your +8 double sword of freezing {rare} glows red for a
                  | moment.
 64477 | Depths:1 | Entered Level 1 of the Depths
 64551 | Depths:1 | Noticed an ancient lich
 64565 | Depths:1 | Killed an ancient lich
 64566 | Depths:1 | Reached skill level 7 in Spellcasting
 64844 | Depths:1 | You add the spells Dispel Undead and Necromutation to your
                  | library.
 64844 | Depths:1 | Got Kikubaaqudgha's Exposition on the Charnel House
 64897 | Depths:1 | Reached skill level 9 in Translocations
 65116 | Depths:1 | Found a one-way gate leading to the halls of Pandemonium.
 65597 | Depths:1 | Found a gateway to Hell.
 65832 | D:7      | Bought a book of Changes for 234 gold pieces
 65832 | D:7      | You pick up a book of Changes and begin reading...
 65832 | D:7      | You add the spells Beastly Appendage and Wereblood to your
                  | library.
 65835 | D:7      | Learned a level 2 spell: Wereblood
 66110 | Depths:2 | Reached XP level 23. HP: 167/167 MP: 18/34
 66126 | Depths:2 | Your damage rating with your +9 double sword of freezing
                  | {rare} is about 70 (Base 15 x 207% (Dex) x 168% (Skill) +
                  | 18 (Ench + Slay)).
 66537 | Depths:2 | Noticed a juggernaut
 66544 | Depths:2 | Killed a juggernaut
 66572 | Depths:2 | Reached skill level 15 in Transmutations
 66572 | Depths:2 | Reached skill level 15 in Earth Magic
 66577 | Depths:2 | Reached skill level 19 in Dodging
 66583 | Depths:2 | Reached skill level 18 in Shields
 66586 | Depths:2 | Noticed a juggernaut
 66600 | Depths:2 | Killed a juggernaut
 66776 | Depths:2 | Identified the staff of the Vanishing Hells {rF+ Str+6
                  | Int-4 Dex+3 Fire}
 66908 | Depths:2 | Noticed a caustic shrike
 66911 | Depths:2 | Reached skill level 8 in Spellcasting
 66913 | Depths:2 | Noticed a golden dragon
 67055 | Depths:2 | Killed a golden dragon
 67438 | Depths:2 | Killed a caustic shrike
 67619 | Depths:2 | Reached skill level 17 in Fighting
 67629 | Depths:2 | Found a one-way gate to the infinite horrors of the Abyss.
 68334 | Depths:3 | Reached skill level 10 in Translocations
 69044 | Depths:3 | Noticed a juggernaut
 69044 | Depths:3 | Noticed a caustic shrike
 69044 | Depths:3 | Noticed a caustic shrike
 69045 | Depths:3 | Noticed a caustic shrike
 69045 | Depths:3 | Noticed a caustic shrike
 69047 | Depths:3 | Noticed a golden dragon
 69048 | Depths:3 | Killed a caustic shrike
 69048 | Depths:3 | Noticed a golden dragon
 69056 | Depths:3 | Killed a juggernaut
 69057 | Depths:3 | Reached XP level 24. HP: 175/175 MP: 4/35
 69137 | Depths:3 | Killed a caustic shrike
 69243 | Depths:3 | Reached skill level 16 in Transmutations
 69267 | Depths:3 | Reached skill level 16 in Earth Magic
 69339 | Depths:3 | Noticed a juggernaut
 69353 | Depths:3 | Killed a juggernaut
 69483 | Depths:3 | Identified the +1 ring mail "Pisixet" {Str+5}
 69487 | Depths:3 | Identified the staff of the Gloaming {Dex+3 Earth}
 69518 | Depths:3 | Killed a caustic shrike
 69519 | Depths:3 | Reached skill level 20 in Dodging
 69519 | Depths:3 | Reached skill level 9 in Spellcasting
 69611 | Depths:4 | Entered Level 4 of the Depths
 70191 | Depths:4 | Found a gate to the Realm of Zot.
 70444 | Depths:4 | Reached skill level 11 in Translocations
 70536 | Depths:4 | Found a one-way gateway to a ziggurat.
 70565 | Depths:4 | You pick up a book of Lightning and begin reading...
 70565 | Depths:4 | You add the spells Vhi's Electric Charge and Arcjolt to
                  | your library.
 70583 | Depths:4 | Identified the ring of Fun {EV+5 Str+2}
 70734 | Depths:4 | Found a broken altar of Ashenzari.
 71811 | Slime:1  | Entered Level 1 of the Pits of Slime
 72654 | Slime:2  | Found a corrupted altar of Lugonu.
 73171 | Slime:3  | Reached skill level 19 in Shields
 73833 | Slime:5  | Entered Level 5 of the Pits of Slime
 73851 | Slime:5  | Reached skill level 10 in Spellcasting
 73994 | Slime:5  | Reached skill level 18 in Fighting
 73994 | Slime:5  | Reached skill level 21 in Dodging
 74145 | Slime:5  | Reached XP level 25. HP: 183/183 MP: 32/37
 74155 | Slime:5  | Noticed the Royal Jelly
 74162 | Slime:5  | Killed the Royal Jelly
 74181 | Slime:5  | Gained mutation: You are frail. (-10% HP) [a shining eye]
 74207 | Slime:5  | Gained mutation: Your body sometimes deteriorates upon
                  | taking damage. [a shining eye]
 74242 | Slime:5  | Gained mutation: You are vulnerable to heat. (rF-) [a
                  | shining eye]
 74246 | Slime:5  | Gained mutation: You are occasionally teleported next to
                  | monsters. [a shining eye]
 74262 | Slime:5  | Reached skill level 12 in Translocations
 74438 | Slime:5  | You pick up a book of Sloth and begin reading...
 74440 | Slime:5  | You pick up a book of Chaos and begin reading...
 74468 | Slime:5  | Got a slimy rune of Zot
 74469 | Slime:5  | Identified the staff "Jicyguch" {*Slow rElec rPois Int+4
                  | Poison}
 74471 | Slime:5  | Identified the +3 great sword "Feuhual" {heavy, rElec Will-
                  | Int+6 Dex+3}
 74622 | Slime:5  | Identified the staff "Sonoash" {rPois Str-3 Int+2 Dex+5
                  | Poison}
 74630 | Slime:5  | Identified the ring "Jihimu" {rC++ Will+ MP+9 Str-5 Dex+2}
 74654 | Slime:5  | Got Keza's Witchery, and How To Use It
 74660 | Slime:5  | Identified the +7 orcbow "Iper" {drain, rElec rC+ rCorr
                  | Stlth-}
 75432 | Slime:4  | You are sucked into a shaft and drop 1 floor!
 76085 | D:8      | Lost mutation: You are frail. (-10% HP) [potion of
                  | mutation]
 76085 | D:8      | Lost mutation: You are occasionally teleported next to
                  | monsters. [potion of mutation]
 76085 | D:8      | Gained mutation: You are strong-willed. (Will+) [potion of
                  | mutation]
 76086 | D:8      | Lost mutation: You are vulnerable to heat. (rF-) [potion of
                  | mutation]
 76086 | D:8      | Lost mutation: You are strong-willed. (Will+) [potion of
                  | mutation]
 76086 | D:8      | Gained mutation: One of your tentacles bears a spike.
                  | [potion of mutation]
 76086 | D:8      | Gained mutation: You have hidden genetic defects. [potion
                  | of mutation]
 76087 | D:8      | Lost mutation: Your body sometimes deteriorates upon taking
                  | damage. [potion of mutation]
 76087 | D:8      | Lost mutation: One of your tentacles bears a spike. [potion
                  | of mutation]
 76087 | D:8      | Gained mutation: Your muscles are strong. (Str +4, Int/Dex
                  | -1) [potion of mutation]
 76087 | D:8      | Gained mutation: You are strong-willed. (Will+) [potion of
                  | mutation]
 76115 | D:8      | Lost mutation: Your muscles are strong. (Str +4, Int/Dex
                  | -1) [potion of mutation]
 76115 | D:8      | Lost mutation: You have hidden genetic defects. [potion of
                  | mutation]
 76115 | D:8      | Lost mutation: You are strong-willed. (Will+) [potion of
                  | mutation]
 76115 | D:8      | Gained mutation: You are weak. (Str -2) [potion of
                  | mutation]
 76115 | D:8      | Lost mutation: You are weak. (Str -2) [potion of mutation]
 76115 | D:8      | Gained mutation: Your spells are a little harder to cast,
                  | but a little more powerful. [potion of mutation]
 76323 | Depths:2 | Voluntarily entered the Abyss.
 76648 | Abyss:2  | Found a corrupted altar of Lugonu.
 76654 | Abyss:2  | Found a corrupted altar of Lugonu.
 76716 | Abyss:2  | Found a corrupted altar of Lugonu.
 76950 | Abyss:3  | Found a corrupted altar of Lugonu.
 76970 | Abyss:3  | Reached skill level 13 in Stealth
 76991 | Abyss:3  | Found a corrupted altar of Lugonu.
 77051 | Abyss:3  | Found a sparkling altar of Nemelex Xobeh.
 77135 | Abyss:3  | Reached skill level 19 in Fighting
 77194 | Abyss:3  | Reached skill level 20 in Shields
 77270 | Abyss:3  | Found a transporter.
 77275 | Abyss:3  | Found a corrupted altar of Lugonu.
 77283 | Abyss:3  | Lost strength.
 77302 | Abyss:3  | Found a transporter.
 77320 | Abyss:3  | Identified the ring "Copsad" {rElec Will+ AC+4}
 77347 | Depths:2 | You pass through the gate.
 77347 | Depths:2 | Escaped the Abyss
 77386 | Depths:2 | Voluntarily entered the Abyss.
 77386 | Abyss:3  | Found a corrupted altar of Lugonu.
 77399 | Abyss:3  | Reached skill level 14 in Stealth
 77404 | Abyss:3  | Reached skill level 22 in Dodging
 77424 | Abyss:3  | Got an abyssal rune of Zot
 77492 | Depths:2 | You pass through the gate.
 77492 | Depths:2 | Escaped the Abyss
 77822 | Zot:1    | Entered Level 1 of the Realm of Zot
 77911 | Zot:1    | Noticed an electric golem
 77922 | Zot:1    | Killed an electric golem
 78194 | Zot:1    | Reached XP level 26. HP: 193/193 MP: 26/37
 78374 | Zot:1    | your +9 double sword of freezing {rare} stops glowing.
 78380 | Zot:1    | your +9 double sword of freezing {rare} glows with a cold
                  | blue light!
 78380 | Zot:1    | N - a +9 double sword of freezing (weapon) {rare}
 78702 | Zot:2    | Reached skill level 15 in Stealth
 79536 | Zot:3    | Found a transporter.
 79540 | Zot:3    | Found a transporter.
 79584 | Zot:3    | You are sucked into a shaft and drop 1 floor!
 79617 | Zot:4    | Reached skill level 16 in Stealth
 79786 | Zot:4    | Identified the +5 dagger "Jeintow" {heavy, *Noise rPois
                  | Will++ SInv}
 80048 | Zot:3    | Found a transporter.
 80072 | Zot:3    | Found a transporter.
 80219 | Zot:3    | Noticed a curse toe
 80220 | Zot:3    | Noticed a curse toe
 80247 | Zot:3    | Reached skill level 20 in Fighting
 80251 | Zot:4    | Identified +8 gold dragon scales
 80251 | Zot:4    | Noticed Parghit
 80279 | Zot:3    | Killed a curse toe
 80547 | Zot:3    | Killed a curse toe
 80825 | Zot:3    | Reached skill level 21 in Shields
 80875 | Zot:3    | Found a transporter.
 80876 | Zot:3    | Found a transporter.
 81030 | Zot:4    | Killed Parghit
 81101 | Zot:4    | 5 large rocks {=f}; +8 gold dragon scales {rare}
 81110 | Zot:4    | 5 large rocks {=f}; +8 gold dragon scales {rare}
 81180 | Zot:4    | Reached skill level 11 in Spellcasting
 81389 | Zot:4    | Reached XP level 27. HP: 202/202 MP: 3/38
 81576 | Zot:4    | Reached skill level 13 in Translocations
 81581 | Zot:4    | Reached skill level 23 in Dodging
 82034 | Zot:5    | Entered Level 5 of the Realm of Zot
 82727 | Zot:5    | Noticed an orb of fire
 82728 | Zot:5    | Noticed an orb of fire
 82733 | Zot:5    | Noticed an electric golem
 82733 | Zot:5    | a Killer Klown changed into a juggernaut
 82733 | Zot:5    | Noticed a juggernaut
 82735 | Zot:5    | Gained mutation: You are frail. (-10% HP) [an orb of fire]
 82737 | Zot:5    | Noticed a dread lich
 82740 | Zot:5    | Killed a juggernaut
 82741 | Zot:5    | Killed an orb of fire
 82770 | Zot:5    | Killed a dread lich
 82804 | Zot:5    | Gained mutation: You are partially covered in iridescent
                  | scales. (AC +2) [an orb of fire]
 82808 | Zot:5    | Killed an orb of fire
 82816 | Zot:5    | Noticed a dread lich
 82819 | Zot:5    | Killed a dread lich
 83016 | Zot:5    | Noticed an orb of fire
 83017 | Zot:5    | Noticed an orb of fire
 83021 | Zot:5    | Noticed an electric golem
 83024 | Zot:5    | Noticed a curse toe
 83031 | Zot:5    | Killed an orb of fire
 83032 | Zot:5    | Reached skill level 21 in Fighting
 83033 | Zot:5    | Gained mutation: Your body sometimes deteriorates upon
                  | taking damage. [an orb of fire]
 83035 | Zot:5    | Killed an orb of fire
 83045 | Zot:5    | Killed a curse toe
 83051 | Zot:5    | Killed an electric golem
 83191 | Zot:5    | Noticed an ancient lich
 83198 | Zot:5    | Killed an ancient lich
 83201 | Zot:5    | Noticed an ancient lich
 83207 | Zot:5    | Killed an ancient lich
 83208 | Zot:5    | Reached skill level 22 in Shields
 83507 | Zot:5    | Noticed an ancient lich
 83517 | Zot:5    | Killed an ancient lich
 83518 | Zot:5    | Reached skill level 12 in Spellcasting
 83802 | Zot:5    | Killed an electric golem
 83927 | Zot:5    | Lost mutation: You are frail. (-10% HP) [potion of
                  | mutation]
 83927 | Zot:5    | Lost mutation: Your body sometimes deteriorates upon taking
                  | damage. [potion of mutation]
 83927 | Zot:5    | Gained mutation: You do not regenerate when monsters are
                  | visible. [potion of mutation]
 83927 | Zot:5    | Gained mutation: You are somewhat resistant to further
                  | mutation. [potion of mutation]
 83927 | Zot:5    | Gained mutation: Your mind is acute. (Int +4, Str/Dex -1)
                  | [potion of mutation]
 83928 | Zot:5    | Lost mutation: You are partially covered in iridescent
                  | scales. (AC +2) [potion of mutation]
 83928 | Zot:5    | Lost mutation: You do not regenerate when monsters are
                  | visible. [potion of mutation]
 83966 | Zot:5    | Upgraded the game from 0.31-a0-187-gba352fbbf7 to
                  | 0.31-a0-188-g5e087ee2ca
 84502 | Vaults:5 | Entered Level 5 of the Vaults
 84591 | Vaults:4 | Reached skill level 14 in Translocations
 84595 | Vaults:4 | Reached skill level 24 in Dodging
 85435 | Vaults:5 | Identified the +4 orcbow of Chaos {heavy, Int+3}
 85455 | Vaults:5 | Identified the amulet "Cubiev" {Reflect rN+ SH+5}
 85456 | Vaults:5 | Noticed an ancient lich
 85459 | Vaults:5 | Reached skill level 22 in Fighting
 85470 | Vaults:5 | Killed an ancient lich
 85799 | Vaults:5 | You pick up a book of Frost and begin reading...
 85799 | Vaults:5 | You add the spells Freeze and Frozen Ramparts to your
                  | library.
 85810 | Vaults:5 | You pick up a book of Cantrips and begin reading...
 85810 | Vaults:5 | You add the spells Necrotise and Summon Small Mammal to
                  | your library.
 85892 | Vaults:5 | Reached skill level 23 in Shields
 86197 | Vaults:5 | a golden dragon changed into a caustic shrike
 86197 | Vaults:5 | Noticed a caustic shrike (glowing shapeshifter)
 86199 | Vaults:5 | a caustic shrike changed into an iron giant
 86342 | Vaults:5 | Identified the +7 trident "Orb Guardian's Foe" {flame,
                  | Dex+3 SInv}
 86416 | Vaults:5 | You pick up a book of Burglary and begin reading...
 86519 | Vaults:5 | You add the spells Ignite Poison, Sticky Flame and Ignition
                  | to your library.
 86524 | Vaults:5 | Got a silver rune of Zot
 87273 | Hell     | Entered the Vestibule of Hell
 87273 | Hell     | Noticed Geryon
 88047 | Zig:1    | Entered Level 1 of a ziggurat
 88072 | Zig:2    | Entered Level 2 of a ziggurat
 88084 | Zig:2    | Identified the +9 hand axe "Roufasuk" {holy, Str+6 Dex+6}
 88091 | Zig:3    | Entered Level 3 of a ziggurat
 88093 | Zig:3    | Reached skill level 13 in Spellcasting
 88180 | Zig:3    | a +2 spectral quarterstaff; a +0 robe; a +2 triple sword of
                  | electrocution {rare}
 88214 | Zig:4    | Entered Level 4 of a ziggurat
 88302 | Zig:4    | You add the spells Summon Guardian Golem and Polar Vortex
                  | to your library.
 88302 | Zig:4    | Got the Compilation of the Flock and Chilblains
 88310 | Zig:5    | Entered Level 5 of a ziggurat
 88313 | Zig:5    | Noticed Jourph the pandemonium lord
 88317 | Zig:5    | Killed Jourph the pandemonium lord
 88425 | Zig:5    | Identified the +6 quarterstaff "Xeuxuhefe" {pain, rF+}
 88429 | Zig:5    | You add the spells Borgnjor's Revivification and Death's
                  | Door to your library.
 88436 | Zig:6    | Entered Level 6 of a ziggurat
 88451 | Zig:6    | Identified a potion of experience
 88453 | Zig:6    | Noticed a juggernaut
 88462 | Zig:6    | Killed a juggernaut
 88556 | Zig:7    | Entered Level 7 of a ziggurat
 88722 | Zig:7    | Identified the +7 hand axe "initializr's Foe" {elec, Dex+3}
 88724 | Zig:7    | Identified the amulet "Feuc Kuu" {Spirit Drain rPois rF+
                  | Int+2}
 88726 | Zig:7    | Identified the amulet of Ethreug {RegenMP *Corrode *Slow
                  | Str+8 Int+4}
 88729 | Zig:7    | Got Nefeetea's Almanac of Remoulded Phlogiston
 88730 | Zig:7    | Identified the +4 war axe "Eckemn" {vamp, rF+ Dex+2}
 88736 | Zig:8    | Entered Level 8 of a ziggurat
 88935 | Zig:8    | Identified the staff of Sunlight {rC+ rN++ Ice}
 88951 | Zig:8    | Identified the +1 plate armour "Juipuyr" {Harm *Corrode rN+
                  | Slay+3}
 88976 | Zig:9    | Entered Level 9 of a ziggurat
 88985 | Zig:9    | Found the +3 greatsling "Punk" {acid, rCorr}
 88989 | Zig:9    | Noticed Yvuresch the pandemonium lord
 88991 | Zig:9    | Reached skill level 25 in Dodging
 88995 | Zig:9    | Reached skill level 15 in Translocations
 89005 | Zig:9    | Killed Yvuresch the pandemonium lord
 89258 | Zig:10   | Entered Level 10 of a ziggurat
 89435 | Zig:10   | Identified the staff of Tenacity {rN++ Will- Earth}
 89478 | Zig:11   | Entered Level 11 of a ziggurat
 89489 | Zig:11   | Noticed a dread lich
 89489 | Zig:11   | Noticed a dread lich
 89492 | Zig:11   | Noticed an ancient lich
 89496 | Zig:11   | Killed a dread lich
 89496 | Zig:11   | Killed an ancient lich
 89498 | Zig:11   | Killed a dread lich
 89499 | Zig:11   | Reached skill level 23 in Fighting
 89613 | Zig:11   | Found the +7 staff of the Meek {protect, meekguard}
 89678 | Zig:12   | Entered Level 12 of a ziggurat
 89692 | Zig:12   | Identified a +2 robe of the Archmagi
 89693 | Zig:12   | Noticed Hituf the pandemonium lord
 89977 | Depths:4 | Acquired a +4 demon blade of electrocution
 89978 | Depths:4 | Acquired 766 gold pieces
 90049 | Depths:3 | Killed a caustic shrike
 90494 | Orc:2    | Bought a scroll of brand weapon for 104 gold pieces
 90494 | Orc:2    | Bought a scroll of fog for 44 gold pieces
 90689 | Temple   | Bought the ring "Deufaj" {rElec rF+ rCorr MP+9 AC+4} for
                  | 1956 gold pieces
 90691 | Temple   | Bought a transparent tower shield for 332 gold pieces
 90691 | Temple   | Identified the +2 tower shield of Contentment {Regen+} (You
                  | bought it in a shop in the Ecumenical Temple)
 90704 | Temple   | Bought a scroll of fog for 56 gold pieces
 90704 | Temple   | Bought a scroll of revelation for 105 gold pieces
 90704 | Temple   | Bought a scroll of revelation for 105 gold pieces
 90709 | Temple   | Bought a scroll of enchant weapon for 360 gold pieces
 90709 | Temple   | Bought a scroll of fog for 192 gold pieces
 90709 | Temple   | Bought a scroll of teleportation for 144 gold pieces
 90713 | Temple   | Bought a scroll of blinking for 180 gold pieces
 90734 | Temple   | Fell from the grace of Gozag
 90734 | Temple   | Became a worshipper of the Shining One
 91065 | Crypt:1  | Entered Level 1 of the Crypt
 91074 | Crypt:1  | Reached * piety under the Shining One
 91100 | Crypt:1  | Reached ** piety under the Shining One
 91102 | Crypt:1  | Noticed Bai Suzhen
 91112 | Crypt:1  | Killed Bai Suzhen
 91290 | Crypt:1  | Reached *** piety under the Shining One
 91421 | Crypt:1  | Found a runed translucent door.
 91421 | Crypt:1  | Found a shimmering altar of Xom.
 91421 | Crypt:1  | Identified the +6 rapier of Watchfulness {chaos, rPois rF++
                  | Dex-3}
 91425 | Crypt:1  | Noticed Nofozin's ghost (veteran FoFi)
 91495 | Crypt:1  | Killed Nofozin's ghost
 91554 | Crypt:2  | Noticed Frederick
 91557 | Crypt:2  | Killed Frederick
 91558 | Crypt:2  | Reached skill level 24 in Shields
 91568 | Crypt:2  | Reached **** piety under the Shining One
 91677 | Crypt:2  | Noticed a curse skull
 91685 | Crypt:2  | Killed a curse skull
 91778 | Crypt:2  | Identified the +12 mace of Thoughtfulness {flame, rPois rF-
                  | rN+ Int+9}
 91815 | Crypt:2  | Reached ***** piety under the Shining One
 92061 | Crypt:2  | Reached ****** piety under the Shining One
 92228 | Crypt:2  | Identified a +6 eudemon blade of holy wrath {forbidden} (a
                  | +4 demon blade of electrocution {forbidden} blessed by the
                  | Shining One)
 92228 | Crypt:2  | Received a gift from the Shining One
 92229 | Crypt:2  | your +9 double sword of freezing {rare} stops glowing.
 92256 | Crypt:3  | Entered Level 3 of the Crypt
 92381 | Crypt:3  | Found the +5 demon whip "Spellbinder" {antimagic, disrupt,
                  | Will+}
 92383 | Crypt:3  | Noticed a curse skull
 92393 | Crypt:3  | Noticed a curse skull
 92492 | Crypt:3  | Reached skill level 14 in Spellcasting
 92524 | Crypt:3  | Found an ancient bone altar of Kikubaaqudgha.
 92716 | Crypt:3  | Killed a curse skull
 92724 | Crypt:3  | Noticed a curse skull
 92729 | Crypt:3  | Killed a curse skull
 92731 | Crypt:3  | Killed a curse skull
 92798 | Crypt:3  | Found a staircase to the Tomb.
 93008 | Crypt:3  | Got the Elucidation of Bombardment and Infection
 93129 | Crypt:3  | Noticed an ancient lich
 93129 | Crypt:3  | Noticed a dread lich
 93130 | Crypt:3  | Killed an ancient lich
 93130 | Crypt:3  | Killed a dread lich
 93131 | Crypt:3  | Noticed an ancient lich
 93133 | Crypt:3  | Killed an ancient lich
 93145 | Crypt:3  | Identified the staff "Qoaconuc" {rC+ Stlth+ Ice}
 93151 | Crypt:3  | Identified the ring "Vevuyjoc" {Will- rCorr Str+2 Int+3
                  | Dex+4}
 93153 | Crypt:3  | Identified the ring of Terghogoa {rPois rC+ rN+ rCorr
                  | Str-3}
 93153 | Crypt:3  | Identified the ring of the Endless Expanse {Fly rN+ Int+2
                  | Dex+8}
 93259 | Tomb:1   | Entered Level 1 of the Tomb of the Ancients
 93395 | Tomb:1   | Reached skill level 26 in Dodging
 93408 | Tomb:1   | Noticed a royal mummy
 93413 | Tomb:1   | Killed a royal mummy
 93417 | Tomb:1   | Noticed a royal mummy
 93422 | Tomb:1   | Killed a royal mummy
 93473 | Tomb:1   | Reached skill level 16 in Translocations
 93479 | Tomb:1   | Noticed a royal mummy
 93483 | Tomb:1   | Killed a royal mummy
 93514 | Tomb:1   | Reached skill level 24 in Fighting
 94283 | D:13     | Reached skill level 5 in Invocations
 94284 | D:13     | Reached skill level 6 in Throwing
 94284 | D:13     | Reached skill level 6 in Invocations
 94285 | D:13     | Reached skill level 8 in Throwing
 94285 | D:13     | Reached skill level 7 in Invocations
 94701 | Hell     | Killed Geryon
 94906 | Hell     | Found a gateway to the ashen valley of Gehenna.
 94983 | Hell     | Found a gateway to the decaying netherworld of Tartarus.
 95039 | Hell     | Found a gateway to the freezing wastes of Cocytus.
 95125 | Hell     | Found a gateway to the Iron City of Dis.
 95682 | Vaults:1 | This trove needs the horn of Geryon to function. Give it
                  | the item?
 95682 | Vaults:1 | You paid a toll of the horn of Geryon to enter a treasure
                  | trove
 95683 | Trove    | Entered a treasure trove
 95689 | Trove    | Identified the +7 whip "Kagaf" {heavy, Will+ Str-5 Int+5}
 95691 | Trove    | Identified the +9 whip "Yckycuir" {heavy, rPois rF+ Will+
                  | Str-5}
 95693 | Trove    | Identified the +1 sling of Zoufroze {heavy, rPois rF-
                  | Will+++ Str+3}
 95701 | Trove    | Identified the +6 mace "Ykkin" {holy, rC- Str+3 Int+3}
 95702 | Trove    | Identified the +6 spear of Pajito {holy, rC+ Will+ Dex+6}
 95709 | Trove    | Identified the +12 short sword of Royalism {chaos, *Corrode
                  | rPois Dex+5 Stlth-}
 95710 | Trove    | Identified the +1 whip of Hubris {chaos, Will- Str+5 Int+3}
 95711 | Trove    | Identified the +0 short sword of the Trees {chaos, rPois
                  | rC+ rCorr}
 95718 | Trove    | Identified the +11 whip "Zyij" {elec, rElec rC- Str+3}
 96234 | Pan      | Entered Pandemonium
 96373 | Pan      | Reached skill level 25 in Shields
 96675 | Pan      | Noticed Xiusaepp the pandemonium lord
 96684 | Pan      | Killed Xiusaepp the pandemonium lord
 97207 | Pan      | You pick up a book of Storms and begin reading...
 97207 | Pan      | You add the spells Static Discharge and Airstrike to your
                  | library.
 97422 | Pan      | Reached skill level 15 in Spellcasting
 97623 | Pan      | Found a runed translucent door.
 98312 | Pan      | Got a demonic rune of Zot
 98355 | Pan      | Noticed Levvorupn the pandemonium lord
 98356 | Pan      | Was forgiven by Gozag
 98366 | Pan      | Killed Levvorupn the pandemonium lord
 98367 | Pan      | Reached skill level 25 in Fighting
 98367 | Pan      | Reached skill level 27 in Dodging
 98490 | Pan      | Noticed Byrinud the pandemonium lord
 98493 | Pan      | Killed Byrinud the pandemonium lord
 98507 | Pan      | Entered the realm of Mnoleg.
 98559 | Pan      | Reached skill level 26 in Shields
 98563 | Pan      | Noticed Mnoleg
 98569 | Pan      | Killed Mnoleg
 98593 | Pan      | Lost mutation: You are somewhat resistant to further
                  | mutation. [a cacodemon]
 98696 | Pan      | Lost mutation: Your spells are a little harder to cast, but
                  | a little more powerful. [a neqoxec]
 98747 | Pan      | You pick up a book of the Hunter and begin reading...
 98747 | Pan      | You add the spells Call Canine Familiar and Leda's
                  | Liquefaction to your library.
 98770 | Pan      | Gained mutation: You are occasionally teleported next to
                  | monsters. [a neqoxec]
 98771 | Pan      | Gained mutation: You are vulnerable to cold. (rC-) [a
                  | neqoxec]
 99357 | Pan      | Identified the +0 hat of Dawn {Will+ Int+2 SInv}
 99376 | Pan      | Got a glowing rune of Zot
 99458 | Pan      | Found an exit through the horrors of the Abyss.
 99670 | Pan      | Noticed Jauqun the pandemonium lord
 99673 | Pan      | Killed Jauqun the pandemonium lord
 99674 | Pan      | Reached skill level 26 in Fighting
 99674 | Pan      | Reached skill level 16 in Spellcasting
 99762 | Pan      | Entered the realm of Cerebov.
 99828 | Pan      | Found an exit through the horrors of the Abyss.
 99857 | Pan      | Noticed Ignacio
 99864 | Pan      | Killed Ignacio
100111 | Pan      | Got the Handbook of Ashen Flesh
100114 | Pan      | Identified the +0 scale mail "Huasynk" {rElec Will- rCorr
                  | Slay+2}
100120 | Pan      | Identified the +5 quarterstaff "Otuavoss" {speed, rN+ Str+5
                  | Int-2}
100161 | Pan      | Identified the staff "Peedgh" {rPois rF+ rC+ Str+3 Stlth-
                  | Fire}
100179 | Pan      | Identified the +10 rapier "Aqojih" {vamp, rF+ rC++ rN+
                  | Str-3}
100184 | Pan      | You pick up a book of Blood and begin reading...
100184 | Pan      | You add the spells Sublimation of Blood and Summon Hydra to
                  | your library.
100211 | Pan      | Found the +6 sword of Cerebov {flame}
100211 | Pan      | Noticed Cerebov
100211 | Pan      | Cerebov is wielding the +6 sword of Cerebov {flame}. A
                  | balrug is wielding a +2 demon whip of venom. A balrug is
                  | wielding a +1 demon whip of flaming.
100238 | Pan      | Lost mutation: You are vulnerable to cold. (rC-) [potion of
                  | mutation]
100238 | Pan      | Lost mutation: Your mind is acute. (Int +4, Str/Dex -1)
                  | [potion of mutation]
100238 | Pan      | Gained mutation: Your magical capacity is low. (-10% MP)
                  | [potion of mutation]
100239 | Pan      | Lost mutation: Your magical capacity is low. (-10% MP)
                  | [potion of mutation]
100239 | Pan      | Lost mutation: You are occasionally teleported next to
                  | monsters. [potion of mutation]
100239 | Pan      | Gained mutation: You possess an exceptional clarity of
                  | mind. [potion of mutation]
100431 | Pan      | Reached skill level 27 in Shields
100689 | Pan      | Killed Cerebov
100756 | Pan      | Got a fiery rune of Zot
100781 | Pan      | Got the Volume of Bombardment and Cryomancy
100801 | Pan      | Identified the staff "Gagetwah" {Drain rPois rN+++ rCorr
                  | Earth}
101385 | Pan      | Reached skill level 27 in Fighting
101385 | Pan      | Found a white marble altar of Elyvilon.
101416 | Pan      | Noticed a pearl dragon
101424 | Pan      | Killed a pearl dragon
101622 | Pan      | Reached skill level 16 in Long Blades
102016 | Pan      | Entered the realm of Gloorx Vloq.
102238 | Pan      | Got the Atlas of Entranced Inhalation
102341 | Pan      | Found an exit through the horrors of the Abyss.
102349 | Pan      | Noticed a curse skull
102358 | Pan      | Killed a curse skull
102467 | Pan      | Noticed a curse skull
102474 | Pan      | Killed a curse skull
102531 | Pan      | Noticed Gloorx Vloq
102538 | Pan      | Killed Gloorx Vloq
102593 | Pan      | Got a dark rune of Zot
103083 | Pan      | Reached skill level 17 in Translocations
103198 | Pan      | Reached skill level 17 in Transmutations
103198 | Pan      | Reached skill level 17 in Earth Magic
103451 | Pan      | Entered the realm of Lom Lobon.
103489 | Pan      | Identified the +1 robe of Gepritta {+Blink rElec rC- rN+++}
103892 | Pan      | Noticed Lom Lobon
103899 | Pan      | Killed Lom Lobon
103943 | Pan      | Got a magical rune of Zot
104462 | Depths:1 | You pass through the gate.
104462 | Depths:1 | Escaped Pandemonium
104571 | Hell     | your +9 double sword of freezing {rare} glows with a cold
                  | blue light!
104571 | Hell     | N - a +9 double sword of freezing (weapon) {rare}
104575 | Geh:1    | Entered Level 1 of Gehenna
105328 | Geh:3    | Reached skill level 18 in Translocations
105357 | Geh:3    | Reached skill level 17 in Long Blades
105357 | Geh:3    | Reached skill level 18 in Earth Magic
105519 | Geh:4    | Reached skill level 18 in Transmutations
105532 | Geh:4    | You are sucked into a shaft and drop 2 floors!
105785 | Geh:6    | Learned a level 3 spell: Vhi's Electric Charge
105790 | Geh:6    | Learned a level 4 spell: Passage of Golubria
105796 | Geh:6    | Learned a level 5 spell: Yara's Violent Unravelling
105815 | Geh:7    | Entered Level 7 of Gehenna
106459 | Geh:7    | Identified the staff "Bofrimn" {Fly rPois Int+2 Dex+2
                  | Poison}
106461 | Geh:7    | You pick up a book of Air and begin reading...
106466 | Geh:7    | Identified the staff "Kogysiotepp" {rC+ MP+9 Dex+4 Ice}
107089 | Geh:7    | Noticed the Serpent of Hell
107098 | Geh:7    | Killed the Serpent of Hell
107099 | Geh:7    | Reached skill level 19 in Translocations
107751 | Geh:7    | Reached skill level 19 in Earth Magic
107803 | Geh:7    | Found the +13 sceptre of Asmodeus
107803 | Geh:7    | Noticed Asmodeus
107803 | Geh:7    | Asmodeus is wielding the +13 sceptre of Asmodeus.
107809 | Geh:7    | Reached skill level 19 in Transmutations
107814 | Geh:7    | Killed Asmodeus
107886 | Geh:7    | Got an obsidian rune of Zot
108077 | Hell     | Your damage rating with your +9 double sword of freezing
                  | {rare} is about 73 (Base 15 x 217% (Dex) x 195% (Skill) + 9
                  | (Ench)).
108078 | Hell     | Your damage rating with your +9 double sword of freezing
                  | {rare} is about 73 (Base 15 x 217% (Dex) x 195% (Skill) + 9
                  | (Ench)).
108078 | Hell     | your +9 double sword of freezing {rare} stops glowing.
108197 | Hell     | your +9 double sword of freezing {rare} crackles with
                  | electricity.
108197 | Hell     | N - a +9 double sword of electrocution {rare}
108198 | Hell     | your +9 double sword of electrocution {rare} is engulfed in
                  | flames!
108198 | Hell     | N - a +9 double sword of flaming {rare}
108199 | Hell     | your +9 double sword of flaming {rare} bursts into flame!
108199 | Hell     | N - a +9 double sword of flaming (weapon) {rare}
108219 | Coc:1    | Entered Level 1 of Cocytus
108429 | Coc:2    | Reached skill level 18 in Long Blades
108437 | Coc:2    | You are sucked into a shaft and drop 1 floor!
109192 | Coc:6    | Reached skill level 20 in Translocations
109198 | Coc:6    | Reached skill level 20 in Earth Magic
109199 | Coc:6    | Reached skill level 20 in Transmutations
109206 | Coc:6    | Reached skill level 19 in Long Blades
109221 | Coc:6    | Your damage rating with your +9 double sword of flaming
                  | {rare} is about 82 (Base 15 x 215% (Dex) x 200% (Skill) +
                  | 18 (Ench + Slay)).
109509 | Coc:7    | Entered Level 7 of Cocytus
110050 | Coc:7    | Noticed Antaeus
110066 | Coc:7    | Killed Antaeus
110072 | Coc:7    | You pick up a book of the Earth and begin reading...
110074 | Coc:7    | Identified the staff "Caqearchi" {Drain rPois rC+ SInv Ice}
110078 | Coc:7    | Got an icy rune of Zot
110327 | Coc:7    | Reached skill level 21 in Translocations
110413 | Coc:7    | Reached skill level 20 in Long Blades
110554 | Coc:7    | Reached skill level 21 in Transmutations
110554 | Coc:7    | Reached skill level 21 in Earth Magic
110652 | Coc:7    | Identified the +0 leather armour of the Zealous God {Str+2}
110653 | Coc:7    | Identified the +4 falchion "Epsok" {antimagic, Str+4}
110657 | Coc:7    | Got Neunah's Compendium of Inhalation
110658 | Coc:7    | Identified the +1 great mace "Pog Yhec" {distort, rPois
                  | Int+4}
110890 | Hell     | your +9 double sword of flaming {rare} stops flaming.
110909 | Tar:1    | Entered Level 1 of Tartarus
112336 | Tar:7    | Entered Level 7 of Tartarus
112339 | Tar:7    | Reached skill level 21 in Long Blades
112339 | Tar:7    | Reached skill level 22 in Translocations
112526 | Tar:7    | Reached skill level 22 in Earth Magic
112528 | Tar:7    | Reached skill level 22 in Transmutations
112748 | Tar:7    | Noticed Ereshkigal
112755 | Tar:7    | Killed Ereshkigal
112816 | Tar:7    | Got a bone rune of Zot
113078 | Tar:7    | Noticed an ancient lich
113078 | Tar:7    | Noticed an ancient lich
113081 | Tar:7    | Noticed an ancient lich
113082 | Tar:7    | Killed an ancient lich
113082 | Tar:7    | Killed an ancient lich
113085 | Tar:7    | Killed an ancient lich
113150 | Tar:7    | Found the +8 Vampire's Tooth {megavamp}
113175 | Tar:7    | Identified the staff of Armageddon {rC+ Str+3 Ice}
113386 | Tar:7    | Identified the ring of Roarezut {rPois rF+ rN+ Will- rCorr}
113389 | Tar:7    | Identified the ring of the Witching Traitor {Contam rElec
                  | rF+ Str+4}
113396 | Tar:7    | Identified the ring "Zipsis" {rElec rN+ Str+3 Stlth+}
113512 | Tar:7    | Identified the +0 orcbow of Res Nullius {flame, rC+ Str+2}
113518 | Tar:7    | Identified the +2 plate armour "Rehi Qow" {Int+3 Dex+4
                  | SInv}
113563 | Tar:7    | Reached skill level 23 in Translocations
113661 | Tar:7    | Identified the staff "Edicoog" {rF+ rN++ Fire}
113663 | Tar:7    | Identified the scarf of the Fisher {harm, *Corrode Str+6
                  | Int+3}
113736 | Hell     | your +9 double sword of flaming {rare} projects an
                  | invisible shield of force!
113736 | Hell     | N - a +9 double sword of protection {rare}
113739 | Hell     | your +9 double sword of protection {rare} is engulfed in
                  | flames!
113739 | Hell     | N - a +9 double sword of flaming {rare}
113740 | Hell     | your +9 double sword of flaming {rare} is covered with a
                  | thin layer of ice!
113740 | Hell     | N - a +9 double sword of freezing {rare}
113741 | Hell     | your +9 double sword of freezing {rare} is engulfed in
                  | flames!
113741 | Hell     | N - a +9 double sword of flaming {rare}
113742 | Hell     | your +9 double sword of flaming {rare} drips with poison.
113742 | Hell     | N - a +9 double sword of venom {rare}
113743 | Hell     | your +9 double sword of venom {rare} becomes incredibly
                  | heavy!
113743 | Hell     | N - a +9 heavy double sword {rare}
113744 | Hell     | N - a +9 heavy double sword (weapon) {rare}
113745 | Hell     | Your damage rating with your +9 heavy double sword {rare}
                  | is about 131 (Base [15 + 12 (Hvy)] x 217% (Dex) x 208%
                  | (Skill) + 9 (Ench)).
113778 | Dis:1    | Entered Level 1 of the Iron City of Dis
113778 | Dis:1    | Lost strength.
113783 | Dis:1    | Reached skill level 22 in Long Blades
113788 | Dis:1    | Noticed a caustic shrike
113792 | Dis:1    | Killed a caustic shrike
113793 | Dis:1    | Reached skill level 23 in Earth Magic
113794 | Dis:1    | Reached skill level 23 in Transmutations
113814 | Dis:1    | Noticed a caustic shrike
113816 | Dis:1    | Noticed a caustic shrike
113817 | Dis:1    | Noticed a caustic shrike
113818 | Dis:1    | Noticed a caustic shrike
113819 | Dis:1    | Killed a caustic shrike
113819 | Dis:1    | Killed a caustic shrike
113820 | Dis:1    | Killed a caustic shrike
113820 | Dis:1    | Killed a caustic shrike
113990 | Dis:2    | Noticed an ancient lich
113990 | Dis:2    | Noticed an ancient lich
113990 | Dis:2    | Noticed an ancient lich
113991 | Dis:2    | Killed an ancient lich
113992 | Dis:2    | Killed an ancient lich
113992 | Dis:2    | Killed an ancient lich
113994 | Dis:2    | Noticed an ancient lich
113994 | Dis:2    | Noticed a dread lich
113995 | Dis:2    | Noticed a dread lich
113996 | Dis:2    | Killed a dread lich
113996 | Dis:2    | Killed an ancient lich
113998 | Dis:2    | Killed a dread lich
113998 | Dis:2    | Noticed an ancient lich
113999 | Dis:2    | Killed an ancient lich
113999 | Dis:2    | Noticed an ancient lich
114003 | Dis:2    | Killed an ancient lich
114313 | Dis:4    | Noticed a caustic shrike
114313 | Dis:4    | Lost strength.
114318 | Dis:4    | Killed a caustic shrike
114351 | Dis:4    | Noticed a caustic shrike
114356 | Dis:4    | Killed a caustic shrike
114547 | Dis:4    | Noticed a caustic shrike
114551 | Dis:4    | Killed a caustic shrike
114836 | Dis:6    | Reached skill level 24 in Translocations
114970 | Dis:7    | Entered Level 7 of the Iron City of Dis
114977 | Dis:7    | Noticed a caustic shrike
114986 | Dis:7    | Killed a caustic shrike
115046 | Dis:7    | Reached skill level 24 in Earth Magic
115052 | Dis:7    | Reached skill level 24 in Transmutations
115052 | Dis:7    | Noticed a caustic shrike
115053 | Dis:7    | Killed a caustic shrike
115183 | Dis:7    | Noticed a caustic shrike
115186 | Dis:7    | Killed a caustic shrike
115186 | Dis:7    | Noticed a caustic shrike
115188 | Dis:7    | Killed a caustic shrike
115228 | Dis:7    | Noticed a caustic shrike
115229 | Dis:7    | Killed a caustic shrike
115356 | Dis:7    | Noticed a caustic shrike
115358 | Dis:7    | Killed a caustic shrike
115409 | Dis:7    | Noticed a caustic shrike
115413 | Dis:7    | Killed a caustic shrike
115682 | Dis:7    | Noticed a juggernaut
115685 | Dis:7    | Killed a juggernaut
115782 | Dis:7    | Noticed a caustic shrike
115787 | Dis:7    | Killed a caustic shrike
116054 | Dis:7    | Noticed a juggernaut
116061 | Dis:7    | Noticed Dispater
116062 | Dis:7    | Reached skill level 23 in Long Blades
116062 | Dis:7    | Killed a juggernaut
116071 | Dis:7    | Killed Dispater
116192 | Dis:7    | Identified the ring of Wutemugg {Fly rC+++ Will- Int+6
                  | Dex-4}
116198 | Dis:7    | Got an iron rune of Zot
116317 | Dis:7    | Noticed a juggernaut
116321 | Dis:7    | Killed a juggernaut
116362 | Dis:7    | Identified the +8 hand axe of the Pariah {freeze, rC+
                  | Str+3}
116501 | Dis:7    | Reached skill level 25 in Translocations
116991 | Tomb:2   | Noticed a royal mummy
116991 | Tomb:2   | Noticed a royal mummy
116993 | Tomb:2   | Noticed a royal mummy
116997 | Tomb:2   | Noticed a royal mummy
117003 | Tomb:2   | Killed a royal mummy
117005 | Tomb:2   | Killed a royal mummy
117007 | Tomb:2   | Killed a royal mummy
117102 | Tomb:2   | Killed a royal mummy
117217 | Tomb:2   | Reached skill level 25 in Earth Magic
117265 | Tomb:2   | Reached skill level 25 in Transmutations
117500 | Tomb:1   | Noticed a royal mummy
117500 | Tomb:1   | Noticed a royal mummy
117502 | Tomb:1   | Killed a royal mummy
117502 | Tomb:1   | Noticed a royal mummy
117502 | Tomb:1   | Noticed a royal mummy
117502 | Tomb:1   | Noticed a royal mummy
117502 | Tomb:1   | Noticed a royal mummy
117502 | Tomb:1   | Noticed a royal mummy
117503 | Tomb:1   | Killed a royal mummy
117503 | Tomb:1   | Killed a royal mummy
117503 | Tomb:1   | Noticed a royal mummy
117504 | Tomb:1   | Noticed a royal mummy
117507 | Tomb:1   | Killed a royal mummy
117507 | Tomb:1   | Killed a royal mummy
117507 | Tomb:1   | Noticed a royal mummy
117509 | Tomb:1   | Killed a royal mummy
117510 | Tomb:1   | Killed a royal mummy
117510 | Tomb:1   | Killed a royal mummy
117512 | Tomb:1   | Noticed a royal mummy
117512 | Tomb:1   | Killed a royal mummy
117512 | Tomb:1   | Noticed a royal mummy
117513 | Tomb:1   | Noticed a royal mummy
117514 | Tomb:1   | Killed a royal mummy
117515 | Tomb:1   | Killed a royal mummy
117515 | Tomb:1   | Killed a royal mummy
117518 | Tomb:1   | Killed a royal mummy
117677 | Tomb:1   | Noticed a royal mummy
117679 | Tomb:1   | Killed a royal mummy
117698 | Tomb:1   | Noticed a royal mummy
117700 | Tomb:1   | Killed a royal mummy
117703 | Tomb:1   | Noticed a royal mummy
117707 | Tomb:1   | Killed a royal mummy
117707 | Tomb:1   | Noticed a royal mummy
117709 | Tomb:1   | Noticed a royal mummy
117710 | Tomb:1   | Killed a royal mummy
117779 | Tomb:1   | Noticed a royal mummy
117784 | Tomb:1   | Killed a royal mummy
117801 | Tomb:1   | Killed a royal mummy
117809 | Tomb:1   | Noticed a royal mummy
117812 | Tomb:1   | Killed a royal mummy
117851 | Tomb:1   | Noticed a royal mummy
117853 | Tomb:1   | Noticed a royal mummy
117854 | Tomb:1   | Killed a royal mummy
117855 | Tomb:1   | Noticed a royal mummy
117855 | Tomb:1   | Noticed a royal mummy
117856 | Tomb:1   | Killed a royal mummy
117857 | Tomb:1   | Killed a royal mummy
117857 | Tomb:1   | Killed a royal mummy
117857 | Tomb:1   | Noticed a royal mummy
117858 | Tomb:1   | Noticed a royal mummy
117860 | Tomb:1   | Killed a royal mummy
117860 | Tomb:1   | Lost strength.
117860 | Tomb:1   | Noticed a royal mummy
117860 | Tomb:1   | Noticed a royal mummy
117862 | Tomb:1   | Killed a royal mummy
117863 | Tomb:1   | Killed a royal mummy
117866 | Tomb:1   | Killed a royal mummy
117867 | Tomb:1   | Reached skill level 26 in Translocations
117896 | Tomb:1   | Gained mutation: Potions are less effective at restoring
                  | your health. [mutagenic glow]
117903 | Tomb:1   | Lost mutation: You possess an exceptional clarity of mind.
                  | [mutagenic glow]
118147 | Tomb:2   | Identified the ring of Qoodd {*Slow rElec rC+ Will+ Slay+2}
118152 | Tomb:2   | Reached skill level 24 in Long Blades
118318 | Tomb:3   | Entered Level 3 of the Tomb of the Ancients
118357 | Tomb:3   | Noticed a royal mummy
118357 | Tomb:3   | Noticed a royal mummy
118359 | Tomb:3   | Killed a royal mummy
118360 | Tomb:3   | Killed a royal mummy
118364 | Tomb:3   | Noticed a royal mummy
118365 | Tomb:3   | Noticed a royal mummy
118365 | Tomb:3   | Noticed a royal mummy
118367 | Tomb:3   | Killed a royal mummy
118370 | Tomb:3   | Killed a royal mummy
118372 | Tomb:3   | Killed a royal mummy
118381 | Tomb:3   | Reached skill level 27 in Translocations
118386 | Tomb:3   | Reached skill level 25 in Long Blades
118564 | Tomb:3   | Noticed a royal mummy
118568 | Tomb:3   | Killed a royal mummy
118569 | Tomb:3   | Noticed a royal mummy
118573 | Tomb:3   | Killed a royal mummy
118655 | Tomb:3   | Noticed a royal mummy
118660 | Tomb:3   | Killed a royal mummy
118694 | Tomb:3   | Noticed a royal mummy
118699 | Tomb:3   | Killed a royal mummy
118944 | Tomb:3   | You pick up a book of Conjurations and begin reading...
118964 | Tomb:3   | You pick up a book of Power and begin reading...
118967 | Tomb:3   | Identified the +9 quarterstaff "Pimal" {venom, rPois rCorr
                  | Dex-5 SInv}
118968 | Tomb:3   | Identified the ring "Worphaf" {rElec rCorr MP+9}
118972 | Tomb:3   | Identified the staff of Evil {rC+ Int+3 Tmut Ice}
118974 | Tomb:3   | Identified the +1 falchion of Melee {freeze, rN+}
118978 | Tomb:3   | Identified the amulet "Sicsur" {RegenMP Str+3 Dex+3}
119052 | Tomb:3   | Got a golden rune of Zot
119851 | Zot:5    | Got the Orb of Zot
119867 | Zot:5    | Noticed a curse toe
119915 | Zot:5    | N - a +9 heavy double sword (weapon) {rare}
120024 | Zot:1    | Reached skill level 26 in Long Blades
120064 | Zot:1    | Noticed a seraph
120074 | Zot:1    | Killed a seraph
120233 | Depths:1 | Gained mutation: Your magical capacity is low. (-10% MP) [a
                  | neqoxec]
120233 | Depths:1 | Gained mutation: You do not regenerate when monsters are
                  | visible. [a neqoxec]
120234 | Depths:1 | Gained mutation: You are vulnerable to cold. (rC-) [a
                  | neqoxec]
120262 | D:14     | Lost mutation: Your magical capacity is low. (-10% MP)
                  | [potion of mutation]
120262 | D:14     | Lost mutation: Potions are less effective at restoring your
                  | health. [potion of mutation]
120262 | D:14     | Gained mutation: Your mind is acute. (Int +4, Str/Dex -1)
                  | [potion of mutation]
120262 | D:14     | Gained mutation: Your mind is very acute. (Int +8, Str/Dex
                  | -2) [potion of mutation]
120262 | D:14     | Gained mutation: Your muscles are strong. (Str +4, Int/Dex
                  | -1) [potion of mutation]
120262 | D:14     | Gained mutation: You are partially covered in iridescent
                  | scales. (AC +2) [potion of mutation]
120263 | D:14     | Lost mutation: Your muscles are strong. (Str +4, Int/Dex
                  | -1) [potion of mutation]
120263 | D:14     | Lost mutation: Your mind is very acute. (Int +8, Str/Dex
                  | -2) [potion of mutation]
120263 | D:14     | Lost mutation: You are partially covered in iridescent
                  | scales. (AC +2) [potion of mutation]
120263 | D:14     | Gained mutation: You are frail. (-10% HP) [potion of
                  | mutation]
120263 | D:14     | Gained mutation: Your mind is very acute. (Int +8, Str/Dex
                  | -2) [potion of mutation]
120790 | D:$      | Escaped with the Orb!

Vanquished Creatures
  Cerebov (Pan)
  Antaeus (Coc:7)
  Asmodeus (Geh:7)
  the Royal Jelly (Slime:5)
  Ignacio (Pan)
  Gloorx Vloq (Pan)
  the Serpent of Hell (Geh:7)
  Ereshkigal (Tar:7)
  Lom Lobon (Pan)
  A seraph (Zot:1)
  Mnoleg (Pan)
  7 dread liches
  4 orbs of fire (Zot:5)
  Dispater (Dis:7)
  17 ancient liches
  6 pandemonium lords
  9 juggernauts
  44 royal mummies
  The ghost of Nofozin the Slayer, a veteran FoFi of Vehumet (Crypt:1)
  Parghit (Zot:4)
  19 shard shrikes
  Bai Suzhen (Crypt:1)
  Frederick (Crypt:2)
  Saint Roka (Snake:4)
  3 curse toes
  8 Killer Klowns
  21 caustic shrikes
  Geryon (Hell)
  Nikola (Elf:1)
  13 golden dragons
  5 profane servitors
  13 doom hounds
  A shard shrike zombie (Tar:7)
  18 iron giants
  30 bone dragons
  19 Tzitzimimeh
  A pearl dragon (Pan)
  3 electric golems
  5 hellephants
  26 tentacled monstrosities
  14 Brimstone Fiends
  26 Hell Sentinels
  Rupert (D:14)
  3 spectral shard shrikes
  34 Ice Fiends
  Mlioglotl (Snake:1)
  35 Orb Guardians
  A deep elf blademaster (Elf:3)
  18 tainted leviathans
  31 acid blobs
  9 liches
  19 searing wretches
  A walking earthen tome (Depths:3)
  13 titans
  A walking frostbound tome (Depths:3)
  42 Executioners
  2 deep elf master archers (Elf:3)
  11 quicksilver dragons
  15 sphinxes
  Gastronok (Lair:2)
  41 ancient champions
  9 death cobs
  14 tentacled starspawn
  5 thorn hunters
  22 shadow dragons
  Donald (Vaults:1)
  Agnes (D:14)
  A shadow dragon (shapeshifter) (Vaults:5)
  8 demonspawn warmongers (Pan)
  7 tengu reavers
  3 revenants
  6 draconian monks
  Roxanne (Swamp:4)
  9 azure jellies
  19 storm dragons
  19 nagarajas
  5 rockslimes
  19 quicksilver elementals
  15 draconian knights
  5 daevas (Pan)
  12 frost giants
  37 fire giants
  A fenstrider witch (Swamp:1)
  18 narguns
  16 vault wardens
  3 iron dragons
  5 deep elf sorcerers
  10 draconian scorchers
  46 balrugs
  A hydra zombie (Swamp:4)
  12 ghost moths
  7 curse skulls
  3 orc warlords
  3 shard shrike simulacra
  The ghost of esper6 the Thaumaturge, a journeyman GnNe of Cheibriados (Swamp:1)
  4 draconian stormcallers
  3 draconian shifters
  4 spectral caustic shrikes
  8 deep elf elementalists (Elf:3)
  11 ghouls
  2 caustic shrike zombies
  3 spectral juggernauts (Tar:4)
  8 angels
  22 cacodemons
  35 very ugly things
  18 stone giants
  10 quicksilver oozes
  5 demonspawn corrupters
  16 reapers
  22 ironbound preservers
  3 ophanim (Pan)
  5 demonspawn blood saints (Pan)
  A juggernaut skeleton (Tar:7)
  25 war gargoyles
  6 ironbound thunderhulks
  A formless jellyfish (shapeshifter) (Zig:9)
  11 draconian annihilators
  9 apis (Pan)
  4 formless jellyfish
  12 putrid mouths
  12 vampire knights
  3 eleionomae
  34 elemental wellsprings
  8 demonspawn black suns (Pan)
  6 deep elf demonologists
  21 wendigos
  Azrael (Elf:2)
  11 white draconians
  10 lorocyprocas
  12 green draconians
  3 spectral titans
  10 deep elf annihilators
  15 starcursed masses
  3 spark wasps
  14 red draconians
  12 purple draconians
  9 dire elephants
  16 bennus
  2 bunyips
  8 black draconians
  11 deep elf death magi
  20 iron golems
  12 yellow draconians
  11 eidola
  11 green deaths
  14 ettins
  7 jiangshi
  12 blizzard demons
  A crystal guardian (Vaults:1)
  2 entropy weavers
  22 mummy priests
  Josephine (Lair:4)
  A quicksilver dragon zombie (Crypt:3)
  11 yaktaur captains
  15 fire dragons
  3 shambling mangroves
  14 great orbs of eyes
  8 deep elf high priests
  5 spectral spriggans
  An ice dragon (shapeshifter) (Depths:3)
  A spectral golden dragon (Tar:5)
  Fannar (D:12)
  17 hydras
  4 quicksilver dragon skeletons
  3 peacekeepers
  4 spriggan zombies
  8 rakshasas
  15 salamander tyrants
  30 vault guards
  8 hell beasts
  14 caustic shrike simulacra
  4 spriggan air magi
  A catoblepas (D:12)
  10 ironbound frosthearts
  14 ice dragons
  4 ogre magi
  A boulder beetle (D:13)
  A death knight (Vaults:3)
  2 ghost crabs
  12 centaur warriors
  2 fenstrider witch skeletons
  20 stokers
  8 alligators
  A two-headed ogre (shapeshifter) (Zig:9)
  46 dancing weapons
  8 death yaks
  7 juggernaut simulacra
  A spectral stone giant (Tar:1)
  5 tengu warriors
  16 two-headed ogres
  A death yak (shapeshifter) (Depths:3)
  114 death scarabs
  9 anacondas
  44 hell hogs
  11 deep troll shamans
  15 demonic crawlers
  5 shock serpents
  6 thrashing horrors
  6 deep troll earth magi
  4 vampire magi
  5 spriggan berserkers
  2 orc high priests
  4 spectral nagas
  14 naga sharpshooters
  16 naga warriors
  31 soul eaters
  A titan skeleton (Crypt:3)
  Sonja (Lair:4)
  22 deep elf knights
  53 sun demons
  26 hell knights
  2 spectral dire elephants
  7 wretched stars
  38 shadow wraiths
  4 salamander mystics
  3 skysharks
  28 sixfirhies
  The ghost of t4s4d4r the Skirmisher, a novice DgHu (D:8)
  14 crystal echidnas
  A golden dragon zombie (Hell)
  38 skeletal warriors
  The ghost of Koushar the Nimble, a novice FeTm of Gozag (D:12)
  20 iron trolls
  An iron giant zombie (Tar:7)
  2 cherubim (Pan)
  A spectral anaconda (Tar:3)
  A storm dragon skeleton (Pan)
  A spatial maelstrom (Abyss:3)
  7 goliath frogs
  An anaconda zombie (Crypt:3)
  A death drake (shapeshifter) (Zig:11)
  4 spriggan druids
  45 deep trolls
  3 spectral hydras (Swamp:4)
  10 flayed ghosts
  A deep troll (shapeshifter) (Zig:11)
  3 spark wasp zombies
  12 bog bodies
  A death drake (Depths:2)
  A swamp dragon (shapeshifter) (Vaults:5)
  3 spriggan simulacra
  4 quicksilver dragon simulacra
  5 swamp dragons
  11 shadow demons
  2 obsidian statues
  10 wizards
  A bunyip skeleton (Crypt:1)
  9 deep elf archers
  A shadow dragon zombie (Crypt:3)
  2 tengu zombies
  13 glowing orange brains
  8 lindwurms
  A spectral iron dragon (Tar:3)
  An iron giant skeleton (Pan)
  An iron dragon zombie (Crypt:3)
  A steelbarb worm (shapeshifter) (Abyss:3)
  7 naga ritualists
  12 necromancers
  5 harpies (Vaults:1)
  20 phantasmal warriors
  An anaconda skeleton (Pan)
  24 deep elf pyromancers
  8 mana vipers
  13 orc knights
  49 ugly things
  6 oklob plants
  2 stone giant zombies (Depths:1)
  35 deep elf zephyrmancers
  15 ironbound convokers
  A spectral ettin (Tar:4)
  A frost giant zombie (Hell)
  2 fire giant zombies (Hell)
  4 human zombies
  5 will-o-the-wisps
  An iron dragon skeleton (Tomb:3)
  4 shining eyes
  A shadow dragon skeleton (Tomb:2)
  6 elephants
  An orc sorcerer (Orc:2)
  A worldbinder (Abyss:3)
  An elephant (shapeshifter) (Vaults:5)
  11 salamanders
  A centaur zombie (Crypt:3)
  4 rust devils
  3 cyclopes
  A frost giant skeleton (Crypt:3)
  8 manticores
  31 moths of wrath
  Joseph (D:7)
  2 stone giant skeletons
  A dire elephant zombie (Tomb:1)
  27 orange demons
  39 black mambas
  4 molten gargoyles
  2 torpor snails
  16 cane toads
  5 ice statues
  4 apocalypse crabs
  3 titan simulacra
  26 vault sentinels
  An eye of devastation (Slime:5)
  6 guardian serpents
  14 naga magi
  2 centaur skeletons
  46 smoke demons
  6 unseen horrors
  Maggie (D:7)
  3 naga skeletons
  A kobold demonologist (D:9)
  9 freezing wraiths
  33 hellions
  A green draconian zombie (Crypt:3)
  A death yak zombie (Crypt:2)
  14 komodo dragons
  35 yaktaurs
  An unseen horror zombie (Crypt:1)
  2 bunyip simulacra
  5 tengu conjurers
  A purple draconian zombie (Crypt:2)
  4 ice devils
  2 rime drakes
  2 dire elephant skeletons
  39 guardian mummies
  24 tormentors
  3 anaconda simulacra
  6 efreet
  4 iron giant simulacra
  5 spectral harpies
  9 red devils
  2 harpy zombies
  An alligator snapping turtle skeleton (Crypt:1)
  A green draconian skeleton (Crypt:3)
  4 death drake zombies (Swamp:4)
  A sea snake skeleton (Crypt:1)
  A golden dragon simulacrum (Coc:7)
  A red draconian skeleton (Crypt:1)
  A queen bee (Abyss:3)
  A troll (shapeshifter) (Elf:3)
  36 hellwings
  2 polar bears (Lair:4)
  4 ancient zymes
  17 trolls
  12 tyrant leeches
  6 meliai
  13 hornets
  An iron troll skeleton (Crypt:1)
  A tengu simulacrum (Coc:1)
  5 harpy skeletons
  2 hydra skeletons (Swamp:4)
  6 blink frogs
  2 dream sheep (shapeshifter)
  5 iron dragon simulacra
  3 ettin zombies
  8 raiju
  6 dream sheep (Lair:3)
  6 stone giant simulacra
  2 fire dragon zombies
  3 death drake skeletons
  A fire giant simulacrum (Depths:1)
  21 flying skulls
  4 air elementals
  Sigmund (D:6)
  A centaur simulacrum (Crypt:1)
  3 spriggan skeletons
  A spriggan (shapeshifter) (D:15)
  2 jumping spiders (shapeshifter)
  3 shadows
  9 spriggans
  129 slime creatures
  An ettin skeleton (Crypt:2)
  84 large abominations
  2 fire dragon skeletons
  6 ushabtiu
  3 dire elephant simulacra
  3 naga simulacra
  20 ynoxinuls
  Eustachio (D:4)
  A water elemental (Elf:2)
  10 wraiths
  5 wyverns
  10 humans (D:13)
  8 fire elementals
  18 golden eyes
  4 alligator snapping turtle simulacra
  A vampire (D:13)
  A fire bat (Pan)
  60 yaks
  10 basilisks
  3 redbacks
  23 chaos spawn
  12 small abominations
  A wind drake skeleton (Crypt:2)
  4 steam dragons
  32 neqoxecs
  A redback (shapeshifter) (Abyss:3)
  A minotaur simulacrum (Coc:1)
  12 vampire mosquitoes
  15 swamp worms
  A glowing shapeshifter zombie (Hell)
  36 nagas
  5 wargs
  An acid dragon (shapeshifter) (Vaults:5)
  16 harpy simulacra
  6 hydra simulacra
  16 water moccasins
  3 acid dragons
  An entropy weaver zombie (Crypt:1)
  A cane toad zombie (Crypt:3)
  A floating eye (shapeshifter) (Depths:3)
  6 swamp drakes
  15 hell hounds
  A snapping turtle zombie (Crypt:1)
  2 ice beasts
  23 orc warriors
  2 black bears
  A dream sheep zombie (Crypt:3)
  A swamp dragon zombie (Swamp:4)
  A sky beast (D:6)
  3 black mamba simulacra
  28 ogres
  6 ettin simulacra
  12 wolves
  2 centaurs (D:7)
  A centaur (shapeshifter) (Vaults:5)
  A swamp dragon skeleton (Swamp:4)
  A phantom (D:6)
  8 kobold brigands
  Blork the orc (D:4)
  12 bullfrogs
  A yaktaur zombie (Crypt:2)
  9 necrophages
  4 earth elementals
  A scorpion (D:3)
  10 wights
  15 killer bees
  A swamp dragon simulacrum (Coc:1)
  A warg skeleton (Crypt:1)
  9 howler monkeys
  5 lava snakes (Lair:5)
  2 quasits (Abyss:3)
  7 hounds
  A jelly (D:4)
  A gnoll bouda (D:5)
  11 orc priests
  3 iguanas
  6 iron imps
  A sleepcap (D:6)
  12 orc wizards
  52 mummies
  4 gnolls (D:5)
  3 river rats (Sewer)
  4 adders
  A white imp (D:7)
  An ufetubus (Abyss:1)
  A lava snake skeleton (Crypt:2)
  3 worms
  2 dart slugs (D:1)
  55 orcs
  11 endoplasms
  4 giant cockroaches
  6 goblins
  6 hobgoblins
  3 jackals (D:5)
  6 quokkas
  12 ball pythons
  4 bats
  3 frilled lizards
  A hobgoblin zombie (Crypt:3)
  31 kobolds
  A quokka zombie (Crypt:2)
  2 rats
  9 creeping infernos
  72 fire vortices
  2 lurking horrors
  9 starspawn tentacles
4573 creatures vanquished.

Vanquished Creatures (collateral kills)
  A vault guard (Vaults:5)
  A skeletal warrior (D:13)
2 creatures vanquished.

Vanquished Creatures (others)
  A nagaraja (Snake:4)
  2 fire giants
  4 shard shrike simulacra
  A yellow draconian (Zot:3)
  A lorocyproca (Zig:9)
  A caustic shrike simulacrum (Coc:7)
  Erica (D:11)
  2 death scarabs
  A naga sharpshooter (Zig:10)
  A deep elf knight (Elf:3)
  A shadow demon (Tomb:1)
  A quicksilver dragon simulacrum (Coc:4)
  A spriggan simulacrum (Coc:1)
  A deep elf pyromancer (Elf:1)
  A smoke demon (Pan)
  A titan simulacrum (Coc:1)
  A storm dragon simulacrum (Coc:1)
  A hellion (Coc:3)
  An anaconda simulacrum (Coc:7)
  3 bloated husks (Swamp:4)
  2 hellwings (Pan)
  2 harpy simulacra
  An iron imp (Geh:1)
  3 orcs
  20 foxfires
  A lurking horror (Abyss:3)
  32 starspawn tentacles
88 creatures vanquished.

Grand Total: 4663 creatures vanquished

Action                     |  1- 3 |  4- 6 |  7- 9 | 10-12 | 13-15 | 16-18 | 19-21 | 22-24 | 25-27 || total
---------------------------+-------+-------+-------+-------+-------+-------+-------+-------+-------++-------
  Melee: Short sword       |    39 |    82 |    22 |       |       |       |       |       |       ||   143
         Dagger            |     2 |       |   166 |    15 |       |       |       |       |       ||   183
         Constrict         |     8 |    20 |    35 |    61 |   115 |   100 |   153 |    53 |   301 ||   846
         Tentacles         |     4 |    14 |    39 |   152 |   321 |   332 |   247 |   223 |   735 ||  2067
         Punch             |       |     3 |     3 |     5 |    17 |    30 |    20 |    17 |    37 ||   132
         Long sword        |       |       |       |   263 |       |       |       |       |       ||   263
         Unarmed           |       |       |       |     2 |       |       |       |       |       ||     2
         Scimitar          |       |       |       |   220 |   806 |    68 |       |       |       ||  1094
         Double sword      |       |       |       |       |   190 |   974 |   929 |  1117 |  3940 ||  7150
         Eudemon blade     |       |       |       |       |       |       |       |       |  2389 ||  2389
  Throw: Dart              |     4 |    38 |    27 |    98 |    98 |   112 |    42 |       |       ||   419
   Cast: Statue Form       |       |       |       |       |       |       |    37 |    90 |   402 ||   529
         Manifold Assault  |       |       |       |       |       |       |    54 |   213 |  1702 ||  1969
         Wereblood         |       |       |       |       |       |       |       |     3 |    47 ||    50
         Vhi's Electric Ch |       |       |       |       |       |       |       |       |     2 ||     2
         Yara's Violent Un |       |       |       |       |       |       |       |       |     1 ||     1
 Invoke: Call Merchant     |       |       |       |     2 |     2 |     2 |       |       |     7 ||    13
         Potion Petition   |       |       |       |       |       |       |       |       |     7 ||     7
         Cleansing Flame   |       |       |       |       |       |       |       |       |     1 ||     1
         Brand Weapon With |       |       |       |       |       |       |       |       |     1 ||     1
  Evoke: Wand              |       |       |       |     9 |     4 |     5 |     9 |       |    10 ||    37
         Lightning rod     |       |       |       |       |     4 |       |       |       |       ||     4
         Box of beasts     |       |       |       |       |     2 |       |     1 |       |       ||     3
         Phantom mirror    |       |       |       |       |       |       |     1 |       |     1 ||     2
    Use: Scroll            |       |       |     8 |    11 |    13 |    16 |     6 |     4 |    30 ||    88
         Potion            |       |       |       |     4 |     6 |     8 |     2 |       |    26 ||    46
   Stab: Sleeping          |    17 |     4 |    19 |    12 |    27 |    39 |    29 |     9 |     7 ||   163
         Distracted        |       |       |     1 |     3 |    18 |    18 |    29 |    22 |    55 ||   146
         Paralysed         |       |       |       |     3 |       |     3 |       |       |       ||     6
         Invisible         |       |       |       |     7 |    10 |       |       |       |       ||    17
         Petrifying        |       |       |       |       |       |     6 |       |       |     2 ||     8
         Confused          |       |       |       |       |       |       |     2 |       |       ||     2
         Petrified         |       |       |       |       |       |       |       |       |     2 ||     2
 Armour: Skin              |     2 |     2 |     6 |    13 |     5 |     7 |    14 |    51 |   227 ||   327
  Dodge: Dodged            |    11 |    35 |    70 |   260 |   519 |   698 |   459 |   689 |  3480 ||  6221
  Block: Buckler           |       |       |    36 |   221 |   430 |       |       |       |       ||   687
         Other             |       |       |     7 |     1 |       |       |       |       |       ||     8
         Reflection        |       |       |     2 |     4 |    11 |   100 |    97 |    21 |   152 ||   387
         Kite shield       |       |       |       |       |    68 |   991 |   746 |   992 |  1931 ||  4728
         Tower shield      |       |       |       |       |       |       |       |       |  3465 ||  3465

Illustrated notes

Table legend:
 A = Kills in this place as a percentage of kills in the entire game.
 B = Kills by you in this place as a percentage of kills by you in the entire game.
 C = Kills by friends in this place as a percentage of kills by friends in the entire game.
 D = Other kills in this place as a percentage of other kills in the entire game.
 E = Experience gained in this place as a percentage of experience gained in the entire game.
 F = Experience gained in this place divided by the number of levels of this place that you have seen.
                   A       B       C       D       E      F
               +-------+-------+-------+-------+-------+----------------------
         Total | 100.0 | 100.0 | 100.0 | 100.0 | 100.0 | 30680.4
       Dungeon |   7.9 |   7.9 |  50.0 |   7.7 |   2.6 | 6447.6
        Temple |   0.0 |   0.0 |   0.0 |   0.0 |   0.0 | 1190.0
          Lair |   4.4 |   4.4 |   0.0 |   0.0 |   1.6 | 11764.6
         Swamp |   3.2 |   3.2 |   0.0 |   0.0 |   2.1 | 20254.8
     Snake Pit |   4.0 |   4.0 |   0.0 |   7.7 |   2.8 | 26110.0
    Slime Pits |   3.6 |   3.6 |   0.0 |   0.0 |   2.6 | 19374.2
  Orcish Mines |   2.3 |   2.3 |   0.0 |   0.0 |   0.6 | 11344.0
   Elven Halls |   4.2 |   4.2 |   0.0 |  15.4 |   3.5 | 43540.0
        Vaults |   8.4 |   8.4 |  50.0 |   0.0 |   8.2 | 61837.0
         Crypt |   3.5 |   3.5 |   0.0 |   0.0 |   3.3 | 41919.7
          Tomb |   7.7 |   7.7 |   0.0 |   0.0 |   8.9 | 112077.0
        Depths |   7.0 |   7.1 |   0.0 |   0.0 |   7.9 | 74935.8
          Hell |   1.4 |   1.4 |   0.0 |   0.0 |   1.1 | 41353.0
           Dis |   4.4 |   4.4 |   0.0 |   0.0 |   8.2 | 44208.1
       Gehenna |   3.4 |   3.4 |   0.0 |  15.4 |   4.7 | 29409.8
       Cocytus |   5.5 |   5.4 |   0.0 |  30.8 |   6.9 | 37267.3
      Tartarus |   4.1 |   4.1 |   0.0 |   0.0 |   7.2 | 38584.7
           Zot |   6.1 |   6.1 |   0.0 |   7.7 |  10.1 | 76159.0
         Abyss |   3.1 |   3.1 |   0.0 |   0.0 |   2.1 | 20015.5
   Pandemonium |  12.7 |  12.8 |   0.0 |   0.0 |  12.8 | 28315.6
      Ziggurat |   2.6 |   2.6 |   0.0 |  15.4 |   2.9 | 9123.6
         Sewer |   0.5 |   0.5 |   0.0 |   0.0 |   0.0 | 464.0
               +-------+-------+-------+-------+-------+----------------------

Table legend: (Time is in decaauts)
 A = Elapsed time spent in this place.
 B = Non-inter-level travel time spent in this place.
 C = Inter-level travel time spent in this place.
 D = Time resting spent in this place.
 E = Time spent auto-exploring this place.
 F = Levels seen in this place.
 G = Mean time per level.
                   A        B        C        D        E       F      G
               +--------+--------+--------+--------+--------+-----+--------+
         Total | 132025 | 114218 |  17807 |  18935 |  70501 | 123 | 1073.4 |
       Dungeon |  25286 |  18949 |   6337 |   5177 |  10429 |  15 | 1685.7 |
        Temple |    357 |    244 |    113 |      0 |    164 |   1 |  357.0 |
          Lair |  10325 |   8627 |   1698 |   1830 |   5304 |   5 | 2065.0 |
         Swamp |   7463 |   7082 |    381 |   3413 |   2333 |   4 | 1865.8 |
     Snake Pit |   7446 |   6676 |    770 |   1712 |   3551 |   4 | 1861.5 |
    Slime Pits |   4540 |   4131 |    409 |    247 |   3211 |   5 |  908.0 |
  Orcish Mines |   3658 |   3243 |    415 |   1404 |   1159 |   2 | 1829.0 |
   Elven Halls |   5764 |   4806 |    958 |    922 |   2610 |   3 | 1921.3 |
        Vaults |  11541 |  10050 |   1491 |    702 |   7564 |   5 | 2308.2 |
         Crypt |   2986 |   2538 |    448 |     64 |   1930 |   3 |  995.3 |
          Tomb |   3926 |   3343 |    583 |    376 |   2155 |   3 | 1308.7 |
        Depths |  10974 |   8639 |   2335 |   1153 |   5782 |   4 | 2743.5 |
          Hell |   1016 |    762 |    254 |    128 |    485 |   1 | 1016.0 |
           Dis |   3719 |   3589 |    130 |     80 |   2623 |   7 |  531.3 |
       Gehenna |   4308 |   3930 |    378 |     76 |   2991 |   6 |  718.0 |
       Cocytus |   3167 |   3043 |    124 |    206 |   2165 |   7 |  452.4 |
      Tartarus |   3379 |   3112 |    267 |      3 |   2507 |   7 |  482.7 |
           Zot |   7951 |   7240 |    711 |    991 |   4664 |   5 | 1590.2 |
         Abyss |   1563 |   1563 |      0 |      0 |    178 |   4 |  390.8 |
   Pandemonium |  10295 |  10295 |      0 |    422 |   6989 |  17 |  605.6 |
      Ziggurat |   1896 |   1896 |      0 |     21 |   1438 |  12 |  158.0 |
        Bazaar |     50 |     50 |      0 |      0 |     32 |   1 |   50.0 |
         Trove |     47 |     47 |      0 |      0 |     28 |   1 |   47.0 |
         Sewer |    356 |    356 |      0 |      0 |    205 |   1 |  356.0 |
               +--------+--------+--------+--------+--------+-----+--------+

Top non-repeatable levels by time:
    D:11: 3782 daAuts
 Snake:4: 3632 daAuts
Depths:4: 3189 daAuts
Depths:3: 3121 daAuts
Vaults:4: 2884 daAuts
Depths:2: 2778 daAuts
Vaults:3: 2755 daAuts
   Geh:7: 2735 daAuts
 Swamp:3: 2696 daAuts
   Zot:5: 2587 daAuts
  Lair:5: 2560 daAuts
  Lair:4: 2423 daAuts
  Lair:1: 2416 daAuts
     D:8: 2370 daAuts
   Elf:2: 2293 daAuts
